 Dungeon Crawl Stone Soup version 0.23-a0-890-gc183402 (webtiles) character file.

Game seed: 15011815289711610894

7264670 kal9871 the Heavyweight Champion (level 27, 321/321 HPs)
             Began as a Troll Monk on Jan 28, 2019.
             Was a High Priest of the Shining One.
             Escaped with the Orb
             ... and 9 runes!
             The game lasted 05:55:32 (87502 turns).

kal9871 the Heavyweight Champion (Troll Monk)      Turns: 87502, Time: 05:55:32

Health: 321/321    AC: 48    Str: 32    XL:     27
Magic:  39/39      EV: 26    Int:  9    God:    the Shining One [*****.]
Gold:   10101      SH: 33    Dex: 19    Spells: 42/48 levels left

rFire    + + +     SeeInvis .     - Unarmed
rCold    + + +     Gourm    +   O - +7 large shield {AC+3}
rNeg     + + +     Faith    .   U - +12 gold dragon scales
rPois    +         Spirit   .   P - +0 hat of Remmep {rElec rC+ MR+}
rElec    +         Reflect  .   d - +3 cloak of Xahaxadd {rN+ Str+5}
rCorr    .         Harm     .   (gloves unavailable)
MR       +++..                  (boots unavailable)
Stlth    ..........             L - amulet "Zahuvvun" {RegenMP rF+ Str-5 Dex+3 Slay+4}
HPRegen  1.03/turn              W - ring "Bimyclyh" {rF+ rC+ rN+ Int+3}
MPRegen  0.51/turn              B - ring of Phasing {EV+8}

@: starving, glowing
A: large, unfitting armour, claws 3, fast metabolism 3, gourmand, sense
surroundings 1, regeneration 1, screaming 1, shaggy fur 2, tough skin 3, wild
magic 1
0: Orb of Zot
}: 9/15 runes: decaying, slimy, silver, golden, iron, obsidian, icy, bone,
gossamer
a: Divine Shield, Cleansing Flame, Summon Divine Warrior, Renounce Religion


You escaped.
You worshipped the Shining One.
The Shining One was extremely pleased with you.
You were starving.

You visited 18 branches of the dungeon, and saw 88 of its levels.
You visited the Abyss 1 time.
You completed 1 ziggurat, and saw 27 of its levels.
You also visited: Gauntlet and Ice Cave.

You collected 15666 gold pieces.
You spent 5565 gold pieces at shops.

Inventory:

Hand Weapons
 y - the +8 autumn katana {slice, Clar}
   (You found it on level 13 of a ziggurat)

   It inflicts extra damage upon your enemies.
   It protects you against confusion.
Missiles
 t - 7 throwing nets (quivered)
Armour
 d - the +3 cloak of Xahaxadd (worn) {rN+ Str+5}
   (You acquired it on level 9 of a ziggurat)

   It affects your strength (+5).
   It protects you from negative energy.
 e - a scarf of resistance
 h - the +6 large shield of Foolhardiness {Int+4}
   (You took it off a daeva on level 2 of the Abyss)

   It affects your intelligence (+4).
 G - the +3 crown of Dyrovepreva {rElec Int+2 SInv}
   (You acquired it on level 19 of a ziggurat)

   It affects your intelligence (+2).
   It insulates you from electricity.
   It lets you see invisible.
 O - a +7 large shield of protection (worn)
 P - the +0 hat of Remmep (worn) {rElec rC+ MR+}
   (You found it on level 3 of the Lair of Beasts)

   It protects you from cold.
   It insulates you from electricity.
   It affects your resistance to hostile enchantments.
 U - +12 gold dragon scales (worn)
Jewellery
 n - a +4 ring of slaying
 B - the ring of Phasing (right claw) {EV+8}
   (You found it on level 23 of a ziggurat)

   [ring of evasion]

   It affects your evasion (+8).
 I - the ring of Shadows {Umbra +Inv Stlth+}
   (You found it on level 27 of a ziggurat)

   [ring of stealth]

   It lets you turn invisible.
   It makes you more stealthy.
 L - the amulet "Zahuvvun" (around neck) {RegenMP rF+ Str-5 Dex+3 Slay+4}
   (You found it on level 3 of the Tomb of the Ancients)

   [amulet of magic regeneration]

   It increases your magic regeneration.
   It affects your strength (-5).
   It affects your dexterity (+3).
   It affects your accuracy and damage with ranged weapons and melee attacks
   (+4).
   It protects you from fire.
 T - the ring of Liberty {Dex+6 Slay+2 SInv}
   (You found it on level 6 of the Lair of Beasts)

   [ring of see invisible]

   It affects your dexterity (+6).
   It affects your accuracy and damage with ranged weapons and melee attacks
   (+2).
   It lets you see invisible.
 W - the ring "Bimyclyh" (left claw) {rF+ rC+ rN+ Int+3}
   (You found it on level 22 of a ziggurat)

   [ring of protection from fire]

   It affects your intelligence (+3).
   It protects you from fire.
   It protects you from cold.
   It protects you from negative energy.
Wands
 k - a wand of iceblast (98)
 p - a wand of flame (19)
 C - a wand of scattershot (28)
 E - a wand of acid (20)
 H - a wand of polymorph (9)
 N - a wand of digging (22)
Scrolls
 c - 8 scrolls of magic mapping
 f - 54 scrolls of remove curse
 g - 6 scrolls of teleportation
 l - 14 scrolls of identify
 o - 14 scrolls of fear
 q - a scroll of enchant weapon
 r - 4 scrolls of blinking
 u - 19 scrolls of fog
 w - 8 scrolls of holy word
 z - 6 scrolls of immolation
 Q - 5 scrolls of silence
 S - 2 scrolls of amnesia
Potions
 i - 5 potions of curing
 j - a potion of berserk rage
 s - 13 potions of mutation
 x - 6 potions of brilliance
 D - 8 potions of flight
 F - 5 potions of agility
 R - 2 potions of ambrosia
 Z - 2 potions of resistance
Miscellaneous
 m - 3 phantom mirrors
 J - 2 +1 figurines of a ziggurat
Comestibles
 b - 22 rations


   Skills:
 * Level 26.6 Fighting
 - Level 0.7 Long Blades
 + Level 20.4 Armour
 * Level 21.9 Dodging
 - Level 1.0 Stealth
 + Level 22.5 Shields
 O Level 27 Unarmed Combat
 - Level 11.2 Spellcasting
 - Level 10.2 Charms
 - Level 5.0 Summonings
 - Level 10.2 Translocations
 O Level 27 Invocations
 - Level 0.1 Evocations


You had 42 spell levels left.
You knew the following spells:

 Your Spells              Type           Power        Failure   Level  Hunger
a - Song of Slaying       Chrm           ####....     4%          2    None
b - Blink                 Tloc           N/A          4%          2    None
c - Summon Butterflies    Summ           ###.....     21%         1    None
d - Apportation           Tloc           ####..       3%          1    None

Your spell library contained the following spells:

 Spells                   Type           Power        Failure   Level  Hunger
 Infusion                 Chrm           ####         3%          1    None
 Shroud of Golubria       Chrm/Tloc      ####......   4%          2    None
 Gell's Gravitas          Tloc           ####......   8%          3    ##.....
 Lesser Beckoning         Tloc           ####......   8%          3    ##.....
 Teleport Other           Tloc           ####....     8%          3    ##.....
 Summon Small Mammal      Summ           ###.         21%         1    None
 Recall                   Summ/Tloc      N/A          21%         3    ##.....
 Swiftness                Chrm/Air       ###.....     28%         2    None
 Call Imp                 Summ           ###.....     30%         2    None
 Ozocubu's Armour         Chrm/Ice       ###.....     45%         3    ##.....
 Portal Projectile        Hex/Tloc       ###...       45%         3    ##.....
 Regeneration             Chrm/Necr      ###.......   45%         3    ##.....
 Call Canine Familiar     Summ           ###.....     47%         3    ##.....
 Animate Skeleton         Necr           N/A          80%         1    None
 Beastly Appendage        Tmut           #.....       80%         1    None
 Confusing Touch          Hex            #.....       80%         1    None
 Corona                   Hex            #......      80%         1    None
 Flame Tongue             Conj/Fire      #....        80%         1    None
 Freeze                   Ice            #...         80%         1    None
 Magic Dart               Conj           #...         80%         1    None
 Pain                     Necr           #...         80%         1    None
 Sandblast                Erth           #.....       80%         1    None
 Shock                    Conj/Air       #...         80%         1    None
 Sting                    Conj/Pois      #...         80%         1    None
 Summon Guardian Golem    Hex/Summ       ##......     82%         3    ##.....
 Force Lance              Conj/Tloc      ###.....     85%         4    ####...
 Summon Forest            Summ/Tloc      ###.......   85%         5    #####..
 Corpse Rot               Necr           N/A          90%         2    None
 Ensorcelled Hibernation  Hex/Ice        #.....       90%         2    None
 Passwall                 Tmut/Erth      #.......     90%         2    None
 Poisonous Vapours        Pois/Air       #.....       90%         2    None
 Searing Ray              Conj           #.....       90%         2    None
 Slow                     Hex            #.......     90%         2    None
 Sticks to Snakes         Tmut           #.......     90%         2    None
 Sublimation of Blood     Necr           #.........   90%         2    None
 Throw Flame              Conj/Fire      #.....       90%         2    None
 Throw Frost              Conj/Ice       #.....       90%         2    None
 Dispersal                Tloc           ####......   96%         6    #######
 Confuse                  Hex            #.......     98%         3    ##.....
 Conjure Flame            Conj/Fire      #.......     98%         3    ##.....
 Dazzling Spray           Conj/Hex       #.....       98%         3    ##.....
 Ignite Poison            Fire/Tmut/Pois #.......     98%         3    ##.....
 Inner Flame              Hex/Fire       #.......     98%         3    ##.....
 Mephitic Cloud           Conj/Pois/Air  #.......     98%         3    ##.....
 Spider Form              Tmut/Pois      #.........   98%         3    ##.....
 Static Discharge         Conj/Air       #.......     98%         3    ##.....
 Stone Arrow              Conj/Erth      #.....       98%         3    ##.....
 Tukima's Dance           Hex            #.......     98%         3    ##.....
 Vampiric Draining        Necr           #.........   98%         3    ##.....
 Summon Ice Beast         Ice/Summ       ##......     99%         4    ####...
 Summon Lightning Spire   Summ/Air       ##......     99%         4    ####...
 Aura of Abjuration       Summ           ###.......   99%         5    #####..
 Excruciating Wounds      Chrm/Necr      ###.......   99%         5    #####..
 Iskenderun's Battlesphe  Conj/Chrm      ###.....     99%         5    #####..
 Summon Demon             Summ           ###.......   99%         5    #####..
 Airstrike                Air            #.........   100%        4    ####...
 Animate Dead             Necr           N/A          100%        4    ####...
 Cause Fear               Hex            #.........   100%        4    ####...
 Fulminant Prism          Conj/Hex       #.........   100%        4    ####...
 Ice Form                 Ice/Tmut       #.......     100%        4    ####...
 Iskenderun's Mystic Bla  Conj           #.......     100%        4    ####...
 Leda's Liquefaction      Hex/Erth       #.........   100%        4    ####...
 Olgreb's Toxic Radiance  Pois           #.......     100%        4    ####...
 Petrify                  Tmut/Erth      #.......     100%        4    ####...
 Sticky Flame             Conj/Fire      #.......     100%        4    ####...
 Throw Icicle             Conj/Ice       #.......     100%        4    ####...
 Agony                    Necr           #.......     100%        5    #####..
 Alistair's Intoxication  Tmut/Pois      #.......     100%        5    #####..
 Blade Hands              Tmut           #.........   100%        5    #####..
 Bolt of Draining         Conj/Necr      #.........   100%        5    #####..
 Bolt of Magma            Conj/Fire/Erth #.........   100%        5    #####..
 Borgnjor's Vile Clutch   Necr/Erth      #.........   100%        5    #####..
 Dispel Undead            Necr           #.......     100%        5    #####..
 Fireball                 Conj/Fire      #.........   100%        5    #####..
 Irradiate                Conj/Tmut      #.........   100%        5    #####..
 Lee's Rapid Deconstruct  Erth           #.........   100%        5    #####..
 Lightning Bolt           Conj/Air       #.........   100%        5    #####..
 Metabolic Englaciation   Hex/Ice        #.........   100%        5    #####..
 Silence                  Hex/Air        #.........   100%        5    #####..
 Summon Mana Viper        Hex/Summ       ##......     100%        5    #####..
 Venom Bolt               Conj/Pois      #.........   100%        5    #####..
 Yara's Violent Unravell  Hex/Tmut       #.........   100%        5    #####..
 Bolt of Fire             Conj/Fire      #.........   100%        6    #######
 Conjure Ball Lightning   Conj/Air       #.........   100%        6    #######
 Darkness                 Hex            #.........   100%        6    #######
 Death Channel            Necr           #.........   100%        6    #######
 Deflect Missiles         Chrm/Air       ###.......   100%        6    #######
 Freezing Cloud           Conj/Ice/Air   #.........   100%        6    #######
 Hydra Form               Tmut           #.........   100%        6    #######
 Invisibility             Hex            #.......     100%        6    #######
 Iron Shot                Conj/Erth      #.........   100%        6    #######
 Ozocubu's Refrigeration  Ice            #.........   100%        6    #######
 Poison Arrow             Conj/Pois      #.........   100%        6    #######
 Shadow Creatures         Summ           N/A          100%        6    #######
 Simulacrum               Ice/Necr       #.........   100%        6    #######
 Statue Form              Tmut/Erth      #........    100%        6    #######
 Dragon Form              Tmut           #.........   100%        7    #######
 Haunt                    Necr/Summ      ##........   100%        7    #######
 Malign Gateway           Summ/Tloc      ###.......   100%        7    #######
 Monstrous Menagerie      Summ           ###.......   100%        7    #######
 Orb of Destruction       Conj           #.........   100%        7    #######
 Ring of Flames           Chrm/Fire      ###.......   100%        7    #######
 Spellforged Servitor     Conj/Summ      ##........   100%        7    #######
 Summon Greater Demon     Summ           ###.......   100%        7    #######
 Summon Hydra             Summ           ###.......   100%        7    #######
 Borgnjor's Revivificati  Necr           #.........   100%        8    #######
 Chain Lightning          Conj/Air       #.........   100%        8    #######
 Controlled Blink         Tloc           N/A          100%        8    #######
 Death's Door             Chrm/Necr      ###.......   100%        8    #######
 Discord                  Hex            #.........   100%        8    #######
 Disjunction              Tloc           ####......   100%        8    #######
 Ignition                 Fire           #.........   100%        8    #######
 Infestation              Necr           #.........   100%        8    #######
 Lehudib's Crystal Spear  Conj/Erth      #.........   100%        8    #######
 Necromutation            Tmut/Necr      #.........   100%        8    #######
 Summon Horrible Things   Summ           ###.......   100%        8    #######
 Dragon's Call            Summ           ###.......   100%        9    #######
 Fire Storm               Conj/Fire      #.........   100%        9    #######
 Glaciate                 Conj/Ice       #.........   100%        9    #######
 Shatter                  Erth           #.........   100%        9    #######
 Tornado                  Air            #.........   100%        9    #######
 Passage of Golubria      Tloc           Unusable     N/A         4    N/A

Dungeon Overview and Level Annotations

Branches:
Dungeon (15/15)            Temple (1/1) D:6            Lair (6/6) D:11
  Swamp (4/4) Lair:2       Spider (4/4) Lair:2        Slime (5/5) Lair:5
    Orc (2/2) D:11            Elf (3/3) Orc:2        Vaults (5/5) D:14
  Crypt (3/3) Vaults:3       Tomb (3/3) Crypt:3      Depths (5/5) D:15
   Hell (1/1)                 Dis (7/7) Hell            Geh (7/7) Hell
    Coc (7/7) Hell            Tar (7/7) Hell            Zot (5/5) Depths:5

Altars:
Ashenzari
Cheibriados
Dithmenos
Elyvilon
Fedhas
Gozag
Hepliaklqana
Kikubaaqudgha
Makhleb
Nemelex Xobeh
Okawaru
Qazlal
Ru
Sif Muna
Trog
Uskayaw
Vehumet
Wu Jian
Xom
Yredelemnul
Zin
The Shining One
Jiyva

Shops:
D:9 *   D:10 (   D:11 :   Orc:1 *   Orc:2 }=?(   Vaults:1 *   Vaults:3 (
Vaults:4 }   Depths:5 ==}

Portals:
Hell: Depths:1 Depths:2 Depths:3 Depths:4 Depths:5
Abyss: Depths:1 Depths:4
Pandemonium: Depths:3 Depths:4

Annotations:
Lair:2 exclusion: oklob plant
Slime:2 Dissolution
Crypt:2 1 transporter


Innate Abilities, Weirdness & Mutations

You are too large for most types of armour.
You have claws for hands.
Your metabolism is lightning-fast.
You like to eat raw meat.
Your natural rate of healing is unusually fast.
You are covered in thick fur. (AC +2)
You have extremely tough skin. (AC +3)
You passively map a small area around you.
You occasionally shout uncontrollably at your foes.
Your spells are a little harder to cast, but a little more powerful.


Message History

You see here 16 arrows.
A gelid demonspawn comes into view. It is wielding a +0 great sword.
The gelid demonspawn shouts!
A gelid demonspawn is nearby!
The gelid demonspawn hits you with a +0 great sword.
You eviscerate the gelid demonspawn!!!
You kill the gelid demonspawn!
The Shining One accepts your kill.
You feel better.
Things that are here:
a +0 great sword; a +0 scale mail; a gelid demonspawn corpse You are starving!
Evoke which item? (* to show all) (? for menu, Esc to quit)
Aiming: Dig
Press: ? - help, Shift-Dir - straight line A rock wall.
This square is lit by a halo and is covered in magical glow.
The rock shatters into small pieces.
There is a staircase leading out of the dungeon here.
You have escaped!

#.# #.# #.# #.# #.####### #.##
#.#.....# ##.#.
#.#.....########....
#.#.#...........)....#
#.#.####........#....+
#.#.######.####.#....#
#.#.#@###.># #.#....#
############.#.##....##
#.#....#
#...†........#.#.[....#
#.#....#
###.##.......#.##....##
#.#....# #.##.......'.#.....##
#.#....# #.##.......##.......#
#.#....#
#.######.....##....#####.#.....
#.# #####.##....##..#.......
#.# #.###..#.##(########


There were no monsters in sight!

Vanquished Creatures
  Asmodeus (Geh:7)
  the Royal Jelly (Slime:5)
  Ereshkigal (Tar:7)
  the Serpent of Hell (Geh:7)
  30 pandemonium lords
  11 ancient liches
  Dispater (Dis:7)
  4 orbs of fire
  7 juggernauts
  Sojobo (Depths:1)
  27 greater mummies
  Saint Roka (Vaults:4)
  19 Killer Klowns
  13 shard shrikes
  The ghost of Xuxuar the Executioner, a veteran DsBe of Trog (Elf:1)
  5 caustic shrikes
  Geryon (Hell)
  Nikola (Depths:2)
  3 profane servitors
  11 golden dragons
  26 bone dragons
  21 Tzitzimimeh
  18 Brimstone Fiends
  8 doom hounds
  2 electric golems
  A shard shrike zombie (Crypt:2)
  6 iron giants (Dis:7)
  29 Ice Fiends
  26 tentacled monstrosities
  13 Hell Sentinels
  25 liches
  29 Orb Guardians
  6 titans
  3 deep elf blademasters (Zig:26)
  A quicksilver dragon (shapeshifter) (Zig:19)
  15 acid blobs
  12 deep elf master archers
  2 eldritch tentacles
  12 quicksilver dragons
  4 death cobs (Zot:4)
  4 tentacled starspawn
  An acid blob (shapeshifter) (Zig:19)
  6 Executioners
  2 sphinxes (shapeshifter) (Zig:19)
  7 tengu reavers
  22 ancient champions
  Murray (Hell)
  Kirke (D:15)
  Frances (D:12)
  2 thorn hunters
  30 storm dragons
  14 sphinxes
  An azure jelly (shapeshifter) (Zig:24)
  21 nagarajas
  13 azure jellies
  13 draconian monks
  8 revenants
  15 shadow dragons
  Roxanne (Spider:2)
  A fire giant (shapeshifter) (Zig:24)
  2 daevas
  A frost giant (shapeshifter) (Zig:19)
  18 fire giants
  18 iron dragons
  9 draconian knights
  12 frost giants
  2 deep elf sorcerers
  18 balrugs
  8 draconian scorchers
  An iron dragon (shapeshifter) (Zig:24)
  15 vault wardens
  13 ghost moths
  10 emperor scorpions
  10 curse skulls
  6 deep elf elementalists
  An angel (Zot:4)
  7 ghouls
  13 draconian shifters
  5 draconian stormcallers
  4 warmongers
  The ghost of Inabeac the Severer, a journeyman MiBe of Trog (Swamp:3)
  6 cacodemons
  62 reapers
  A juggernaut zombie (Zig:17)
  8 orc warlords
  13 draconian annihilators
  26 very ugly things
  20 ironheart preservers
  2 juggernaut skeletons
  20 stone giants
  27 war gargoyles
  5 spriggan defenders
  5 elemental wellsprings
  4 bennus
  A stone giant (shapeshifter) (Zig:19)
  2 caustic shrike skeletons (Zig:22)
  5 blood saints
  An entropy weaver (shapeshifter) (Zig:19)
  15 entropy weavers
  21 green draconians
  18 vampire knights
  4 spark wasps
  3 corrupters
  19 deep elf demonologists
  12 deep elf annihilators
  16 black draconians
  21 yellow draconians
  10 white draconians
  A minotaur (Gauntlet)
  18 purple draconians
  A dire elephant (shapeshifter) (Zig:24)
  15 red draconians
  11 eidola
  4 merfolk javelineers
  14 blizzard demons
  10 ettins
  5 green deaths
  21 mummy priests
  12 quicksilver dragon zombies
  5 crystal guardians
  10 deep elf death magi
  17 death oozes
  The ghost of Poijas the Severer, a journeyman DsAK of Lugonu (Orc:1)
  Josephine (Orc:1)
  20 deep elf high priests
  12 fire dragons
  8 jiangshi
  4 merfolk impalers
  14 great orbs of eyes
  12 yaktaur captains
  The ghost of Jegg the Nimble, a journeyman OpFi of Cheibriados (Lair:3)
  Erolcha (D:11)
  31 vault guards
  6 quicksilver dragon skeletons
  2 spectral krakens (Tar:7)
  9 rakshasas
  2 kraken zombies (Coc:1)
  32 ice dragons
  6 ghost crabs
  3 spriggan air magi
  A merfolk avatar (Zig:23)
  9 shambling mangroves
  A hell beast (Zot:4)
  5 anacondas
  A naga warrior (Zig:18)
  An alligator snapping turtle (shapeshifter) (Zig:19)
  30 hydras
  4 death knights
  3 alligator snapping turtles (Zig:23)
  A satyr (shapeshifter) (Zig:24)
  10 centaur warriors
  A merfolk aquamancer (Zig:23)
  Erica (Lair:2)
  39 dancing weapons
  29 two-headed ogres
  23 vampire magi
  14 ogre magi
  7 deep troll shamans
  17 alligators
  44 death scarabs
  4 deep troll earth magi
  5 tengu warriors
  12 orc high priests
  2 shock serpents (Zig:18)
  4 thrashing horrors (Zig:25)
  3 naga sharpshooters
  3 spriggan berserkers
  19 hell hogs
  Urug (D:10)
  11 titan zombies
  19 soul eaters
  8 iron golems
  31 deep elf knights
  3 sixfirhies
  19 sun demons
  2 salamander mystics
  5 wretched stars
  17 iron trolls
  11 storm dragon zombies
  2 fire crabs (shapeshifter)
  183 skeletal warriors
  A spatial maelstrom (Zig:25)
  38 hell knights
  3 titan skeletons
  4 death drakes
  8 storm dragon skeletons
  2 gelid demonspawn
  9 shadow wraiths
  30 flayed ghosts
  30 shadow demons
  4 spriggan druids
  35 deep trolls
  6 golden dragon zombies
  7 unseen horrors
  A sea snake (Zig:23)
  A torturous demonspawn (Zot:5)
  8 glowing orange brains
  An entropy weaver zombie (Crypt:2)
  20 anaconda zombies
  A naga ritualist (Zig:18)
  16 swamp dragons
  2 tengu zombies
  2 orange crystal statues
  A kraken simulacrum (Coc:7)
  5 shadow dragon zombies
  36 deep elf archers
  3 golden dragon skeletons
  5 wizards
  11 orc knights
  A sphinx zombie (Zig:22)
  26 necromancers
  9 anaconda skeletons
  Pikel (D:7)
  14 phantasmal warriors
  7 wolf spider zombies
  5 mana vipers
  A shining eye (shapeshifter) (Depths:4)
  9 iron dragon zombies
  12 harpies
  13 orb spiders
  3 human zombies
  18 orc sorcerers
  17 ironbrand convokers
  A manticore (shapeshifter) (Zig:19)
  107 deep elf magi
  A salamander (Zig:18)
  6 tengu skeletons
  6 frost giant zombies
  A sphinx skeleton (Zig:22)
  3 oklob plants
  11 shining eyes
  10 stone giant zombies
  5 shadow dragon skeletons
  42 wolf spiders
  2 manticores
  11 fire giant zombies
  2 worldbinders
  46 ugly things
  A salamander (shapeshifter) (Zig:24)
  A cyclops (shapeshifter) (Zig:19)
  2 guardian serpents (Zig:23)
  8 cyclopes
  16 black mambas
  25 moths of wrath
  6 elephants (Lair:5)
  5 spriggan zombies
  Psyche (D:8)
  2 water nymphs (Zig:23)
  6 stone giant skeletons
  2 ice statues
  8 apocalypse crabs
  6 iron dragon skeletons
  A merfolk siren (Zig:23)
  3 eyes of devastation
  29 rust devils
  11 frost giant skeletons
  7 fire giant skeletons
  Joseph (D:8)
  11 vault sentinels
  7 naga magi (Zig:18)
  6 dire elephant zombies
  2 shock serpent zombies
  2 gargoyles
  12 smoke demons
  9 torpor snails
  A spiny frog (shapeshifter) (Zig:25)
  5 orange demons
  3 shock serpent skeletons
  21 molten gargoyles
  2 spriggan skeletons
  A green draconian zombie (Geh:6)
  26 spiny frogs
  5 centaur skeletons
  An efreet (Geh:3)
  2 emperor scorpion zombies
  9 spectral swamp worms (Tar:7)
  6 komodo dragons
  7 dire elephant skeletons
  A red draconian zombie (Crypt:1)
  35 hellions
  18 ice devils
  A yellow draconian zombie (Dis:1)
  44 yaktaurs
  2 catoblepas zombies
  4 rime drakes
  26 demonic crawlers
  51 freezing wraiths
  43 tormentors
  A redback zombie (D:13)
  A catoblepas skeleton (Crypt:2)
  2 silent spectres
  3 anaconda simulacra
  58 guardian mummies
  6 ancient zymes
  A golden dragon simulacrum (Coc:5)
  36 jumping spiders
  11 polar bears
  3 meliai (D:13)
  A tengu conjurer (D:13)
  22 hydra zombies
  4 harpy zombies
  A tengu simulacrum (Depths:1)
  2 merfolk
  21 red devils
  A wolf spider simulacrum (IceCv)
  A queen bee (shapeshifter) (Vaults:2)
  12 trolls
  7 tyrant leeches
  38 hornets
  Grinder (D:5)
  6 bog bodies
  A wind drake (Zig:1)
  2 dream sheep (Lair:5)
  4 harpy skeletons
  6 hydra skeletons
  127 slime creatures
  12 alligator zombies
  10 elf zombies
  A raiju (shapeshifter) (Zig:19)
  A blink frog (shapeshifter) (Zig:24)
  3 ice dragon zombies
  2 raiju (Lair:6)
  A slime creature (shapeshifter) (Vaults:5)
  A fire giant simulacrum (Tar:7)
  A frost giant simulacrum (Depths:1)
  A stone giant simulacrum (Coc:2)
  31 blink frogs
  9 ettin zombies
  6 fire dragon zombies
  9 hippogriffs
  5 ice dragon skeletons
  A spriggan (shapeshifter) (Vaults:2)
  152 flying skulls
  84 redbacks
  19 water elementals
  29 tarantellas
  7 air elementals
  39 wraiths
  6 alligator skeletons
  A black mamba zombie (Tar:7)
  7 ettin skeletons
  3 wyverns
  A dire elephant simulacrum (Hell)
  39 shadows
  2 ynoxinuls
  12 ushabtiu
  13 spriggans
  A wyvern (shapeshifter) (Elf:1)
  3 fire dragon skeletons
  36 large abominations
  33 fire elementals
  3 vampires
  4 hogs
  2 death yak simulacra (IceCv)
  43 yaks
  A hog (shapeshifter) (Vaults:1)
  A human (D:7)
  A human (shapeshifter) (Elf:1)
  A fire bat (Zig:25)
  A fire bat (shapeshifter) (Vaults:4)
  A golden eye (shapeshifter) (Depths:2)
  13 golden eyes
  5 neqoxecs
  A basilisk (Lair:3)
  10 chaos spawn
  A steam dragon (shapeshifter) (Elf:1)
  A yaktaur simulacrum (Vaults:2)
  A warg (shapeshifter) (D:15)
  5 hungry ghosts
  Menkaure (D:7)
  An emperor scorpion simulacrum (Coc:7)
  18 vampire mosquitoes
  5 elf skeletons
  2 spatial vortices
  2 soldier ants
  16 insubstantial wisps
  7 wargs
  15 swamp worms
  A water nymph zombie (Crypt:2)
  56 hell hounds
  A hydra simulacrum (Hell)
  5 acid dragons
  12 spiny frog zombies
  A soldier ant (shapeshifter) (Vaults:1)
  11 water moccasins
  4 floating eyes
  A floating eye (shapeshifter) (Zig:24)
  9 small abominations
  2 nagas
  2 merfolk skeletons
  2 alligator simulacra
  7 porcupines
  6 snapping turtle zombies
  A black bear (shapeshifter) (Elf:1)
  42 orc warriors
  A swamp drake (shapeshifter) (Elf:1)
  20 ice beasts
  2 fire dragon simulacra
  2 spiny frog skeletons (Geh:4)
  6 boggarts
  3 human skeletons
  21 swamp drakes
  12 black bears
  10 phantoms
  10 eyes of draining
  5 sky beasts
  A slave (D:7)
  A swamp dragon zombie (Coc:2)
  A manticore zombie (Coc:2)
  34 necrophages
  52 ogres
  31 wolves
  A swamp dragon skeleton (Geh:6)
  29 centaurs
  A centaur (shapeshifter) (Vaults:3)
  An ogre (shapeshifter) (Elf:1)
  A manticore skeleton (Coc:6)
  3 snapping turtle skeletons
  11 crocodiles
  26 bullfrogs
  3 big kobolds
  A salamander skeleton (Crypt:1)
  A spiny frog simulacrum (Coc:4)
  3 earth elementals
  10 scorpions
  A wyvern skeleton (Crypt:2)
  2 troll zombies
  11 killer bees
  A manticore simulacrum (Coc:1)
  An elephant simulacrum (IceCv)
  77 wights
  2 electric eels
  7 howler monkeys
  5 centaur zombies
  A bullfrog zombie (D:12)
  10 crimson imps
  A jelly (D:7)
  38 starcursed masses (Zig:25)
  2 quasits
  A draconian simulacrum (IceCv)
  29 iron imps
  8 hounds
  A jelly (shapeshifter) (Elf:1)
  6 bullfrog skeletons
  22 orc priests
  30 orc wizards
  Jessica (D:2)
  7 iguanas
  14 worker ants
  4 hell rats (Hell)
  3 spriggan simulacra (IceCv)
  4 troll simulacra (IceCv)
  4 centaur simulacra (IceCv)
  A naga zombie (Tar:5)
  A hound zombie (D:8)
  A hound skeleton (D:9)
  51 mummies
  A worker ant zombie (D:10)
  4 gnolls
  2 howler monkey skeletons
  17 adders
  5 ogre simulacra (IceCv)
  A river rat (shapeshifter) (D:15)
  A swamp drake zombie (Crypt:1)
  3 naga simulacra (IceCv)
  12 shadow imps
  26 white imps
  2 ufetubi (Abyss:2)
  2 oozes (D:4)
  4 adder skeletons
  3 adder zombies
  An iguana skeleton (Crypt:2)
  7 worms
  A barachi zombie (Crypt:2)
  2 dart slugs
  6 leopard geckos
  74 orcs
  6 giant cockroaches
  2 gnoll zombies (D:9)
  A goblin (shapeshifter) (Elf:1)
  3 goblins
  5 hobgoblins
  12 jackals
  14 kobolds
  2 quokkas
  A ball python (D:2)
  6 bats
  A dart slug zombie (Crypt:1)
  4 frilled lizards
  A kobold skeleton (Crypt:1)
  A kobold zombie (Tar:7)
  3 leopard gecko zombies
  An orc skeleton (Coc:6)
  A quokka skeleton (Crypt:1)
  13 rats
  A river rat zombie (Crypt:1)
  A briar patch (Zig:8)
  6 crawling corpses
  A fungus (D:11)
  A plant (Depths:5)
  3 starspawn tentacles
  9 tentacles
  A withered plant (Tar:5)
5391 creatures vanquished.

Vanquished Creatures (collateral kills)
  Antaeus (Coc:7)
  A shard shrike (Coc:7)
  A pandemonium lord (Zig:11)
  A tentacled monstrosity (Zot:2)
  An Executioner (Dis:7)
  An ancient champion (Tomb:3)
  3 balrugs
  3 reapers
  A stone giant (Depths:4)
  6 bennus (Tomb:3)
  A quicksilver dragon skeleton (Zig:22)
  A hell hog (Hell)
  A titan zombie (Zig:22)
  2 storm dragon zombies
  A titan skeleton (Zig:17)
  A sixfirhy (Zig:16)
  An iron troll (Dis:7)
  2 skeletal warriors (Tomb:3)
  An anaconda zombie (Coc:7)
  A deep elf mage (Vaults:4)
  A necromancer (Hell)
  A tengu zombie (Zig:17)
  A fire giant zombie (Hell)
  A sphinx skeleton (Zig:17)
  A salamander (shapeshifter) (Zig:24)
  A rust devil (Hell)
  A stone giant skeleton (Hell)
  An elf skeleton (Zig:17)
  A tormentor (Zig:22)
  A guardian mummy (Tomb:3)
  A red devil (Zig:17)
  A demonic crawler (Hell)
  A jumping spider (Spider:4)
  A tyrant leech (Swamp:1)
  A bog body (Swamp:1)
  A fire dragon zombie (Hell)
  4 flying skulls
  2 redbacks (Spider:4)
  2 wraiths (Zig:22)
  A fire elemental (Hell)
  2 vampire mosquitoes (Swamp:1)
  A hell hound (Zig:17)
  An orc warrior (Vaults:4)
  A phantom (Zig:17)
  An elf simulacrum (Zig:25)
62 creatures vanquished.

Vanquished Creatures (others)
  An Ice Fiend (Zig:11)
  A tentacled starspawn (Zig:25)
  2 eldritch tentacles
  A nagaraja (Zig:18)
  A thorn hunter (Zig:14)
  2 draconian knights
  An elemental wellspring (Coc:7)
  2 black draconians
  A deep elf death mage (Vaults:5)
  A fire dragon (Zot:2)
  A hydra (Zig:14)
  A dancing weapon (Elf:2)
  A vampire mage (Depths:2)
  A flayed ghost (Geh:3)
  2 swamp dragons
  2 deep elf magi (Elf:2)
  A rime drake (shapeshifter) (Vaults:5)
  A tengu conjurer (Depths:2)
  A tyrant leech (Swamp:3)
  A blink frog (Swamp:4)
  An ice dragon zombie (Coc:2)
  4 flying skulls
  An ice dragon skeleton (Geh:3)
  A water elemental (Zig:26)
  A fire elemental (Zig:26)
  2 vampire mosquitoes
  A chaos spawn (Depths:5)
  A hell hound (Tar:5)
  6 swamp drakes (Zig:14)
  A phantom (Geh:3)
  2 humans
  A scorpion (shapeshifter) (Zig:24)
  An electric eel (Orc:2)
  2 orc priests (Elf:1)
  A shadow imp (D:15)
  2 orcs (Elf:1)
  A kobold simulacrum (Hell)
  6 briar patches (Zig:8)
  3 crawling corpses
  29 fungi
  41 plants
  7 starspawn tentacles
  19 tentacles
  3 withered plants (Tar:5)
162 creatures vanquished.

Grand Total: 5615 creatures vanquished

Notes
Turn   | Place    | Note
-------+----------+-------------------------------------------
     0 | D:1      | kal9871 the Troll Monk began the quest for the Orb.
     0 | D:1      | Reached XP level 1. HP: 22/22 MP: 0/0
   231 | D:1      | Reached XP level 2. HP: 29/29 MP: 1/1
   744 | D:2      | Reached XP level 3. HP: 36/36 MP: 2/2
   857 | D:2      | Noticed Jessica
   862 | D:2      | Killed Jessica
   919 | D:2      | Reached XP level 4. HP: 44/44 MP: 3/3
  1243 | D:3      | Reached skill level 5 in Unarmed Combat
  1322 | D:3      | Found a faded altar of an unknown god.
  1655 | D:3      | Reached XP level 5. HP: 43/50 MP: 4/4
  1765 | D:4      | Noticed a phantom
  1798 | D:4      | Killed a phantom
  1817 | D:4      | Reached XP level 6. HP: 54/59 MP: 5/5
  1844 | D:4      | Noticed an ice beast
  1858 | D:4      | Killed an ice beast
  2356 | D:4      | Reached XP level 7. HP: 56/66 MP: 6/6
  2392 | D:4      | Found a deep blue altar of Sif Muna.
  2478 | D:4      | Found a glowing golden altar of the Shining One.
  2543 | D:5      | Entered Level 5 of the Dungeon
  3059 | D:5      | Noticed Grinder
  3069 | D:5      | Killed Grinder
  3069 | D:5      | Reached XP level 8. HP: 51/74 MP: 7/7
  3485 | D:6      | Reached skill level 10 in Unarmed Combat
  3533 | D:6      | Found a sacrificial altar of Ru.
  3630 | D:6      | Found a staircase to the Ecumenical Temple.
  3671 | Temple   | Entered the Ecumenical Temple
  3759 | Temple   | Became a worshipper of Qazlal Stormbringer
  3759 | Temple   | Reached * piety under Qazlal
  3759 | Temple   | Reached ** piety under Qazlal
  3787 | D:6      | Found an iron altar of Okawaru.
  3979 | D:6      | Identified the Guide on Good Luck and Sinister Rituals
  4177 | D:6      | Found an opulent altar of Gozag.
  4402 | D:7      | Reached skill level 1 in Armour
  4442 | D:7      | Reached skill level 1 in Invocations
  4555 | D:7      | Found a radiant altar of Vehumet.
  4616 | D:6      | Reached XP level 9. HP: 19/80 MP: 8/8
  4898 | D:7      | Reached *** piety under Qazlal
  5256 | D:7      | Noticed Menkaure
  5262 | D:7      | Killed Menkaure
  5518 | D:7      | Noticed Pikel
  5525 | D:7      | Killed Pikel
  5967 | D:8      | You fall through a shaft for 3 floors!
  5973 | D:11     | Noticed a two-headed ogre
  6012 | D:11     | Reached XP level 10. HP: 77/91 MP: 10/10
  6041 | D:11     | Found a staircase to the Orcish Mines.
  6078 | D:11     | Noticed Erolcha
  6197 | D:10     | Entered Level 10 of the Dungeon
  6258 | D:10     | Noticed Urug
  6624 | D:10     | Found Rakualif's Antique Weapon Emporium.
  6632 | D:10     | Noticed a two-headed ogre
  6645 | D:10     | Killed a two-headed ogre
  6938 | D:9      | Reached **** piety under Qazlal
  6950 | D:9      | Noticed a manticore
  6959 | D:9      | Killed a manticore
  6961 | D:9      | Noticed a tengu warrior
  7017 | D:8      | Reached XP level 11. HP: 65/97 MP: 12/12
  7050 | D:8      | Found a glowing silver altar of Zin.
  7051 | D:8      | Found a hide-covered altar of Uskayaw.
  7051 | D:8      | Found a snail-covered altar of Cheibriados.
  7144 | D:8      | Noticed Psyche
  7154 | D:8      | Killed Psyche
  7256 | D:8      | Gained mutation: Armour fits poorly on your strangely
                  | shaped body. [potion of mutation]
  7256 | D:8      | Gained mutation: Scrolls take you a little longer to read.
                  | [potion of mutation]
  7256 | D:8      | Gained mutation: You have large cloven feet. [potion of
                  | mutation]
  7267 | D:8      | Noticed Joseph
  7282 | D:8      | Killed Joseph
  7725 | D:9      | Killed a tengu warrior
  7803 | D:9      | Reached skill level 15 in Unarmed Combat
  8035 | D:9      | Found Fugel's Mass Market.
  8272 | D:9      | Found an ancient bone altar of Kikubaaqudgha.
  8408 | D:9      | Found a sacrificial altar of Ru.
  8529 | D:9      | Found a basalt altar of Yredelemnul.
  8700 | D:10     | Found the +7 great mace "Undeadhunter" {disrupt, rN+}
  8770 | D:10     | Killed Urug
  9096 | D:11     | Reached skill level 5 in Dodging
  9106 | D:11     | Killed Erolcha
  9129 | D:11     | Reached ***** piety under Qazlal
  9244 | D:11     | Found a staircase to the Lair.
  9268 | D:11     | Killed a two-headed ogre
  9309 | D:11     | Reached XP level 12. HP: 91/107 MP: 14/14
  9434 | D:11     | Found Wiklem's Book Emporium.
  9689 | Lair:1   | Entered Level 1 of the Lair of Beasts
  9742 | Lair:1   | Noticed an eight-headed hydra
  9757 | Lair:1   | Killed a nine-headed hydra
  9868 | Lair:1   | Noticed a four-headed hydra
  9877 | Lair:1   | Killed a five-headed hydra
  9877 | Lair:1   | Reached skill level 5 in Invocations
 10653 | Lair:2   | Found a frozen archway.
 10671 | IceCv    | Entered an ice cave
 10878 | IceCv    | Reached skill level 5 in Armour
 11038 | IceCv    | Found an ancient bone altar of Kikubaaqudgha.
 11136 | IceCv    | Reached ****** piety under Qazlal
 11577 | Lair:2   | Noticed Erica
 11587 | Lair:2   | Killed Erica
 11695 | Lair:2   | Reached XP level 13. HP: 117/117 MP: 16/16
 11754 | Lair:2   | Reached skill level 5 in Fighting
 11891 | Lair:2   | Found a hole to the Spider Nest.
 12166 | Lair:2   | Found a staircase to the Swamp.
 12517 | Lair:3   | Lost mutation: You have large cloven feet. [potion of
                  | mutation]
 12517 | Lair:3   | Lost mutation: Armour fits poorly on your strangely shaped
                  | body. [potion of mutation]
 12517 | Lair:3   | Gained mutation: You are weak. (Str -2) [potion of
                  | mutation]
 12517 | Lair:3   | Gained mutation: You are clumsy. (Dex -2) [potion of
                  | mutation]
 12517 | Lair:3   | Gained mutation: You are surrounded by a mild repulsion
                  | field. (EV +2) [potion of mutation]
 12796 | Lair:3   | Found a transporter.
 12797 | Lair:3   | Noticed Jegg's ghost (journeyman OpFi)
 12831 | Lair:3   | Found a transporter.
 12885 | Lair:3   | Killed Jegg's ghost
 12899 | Lair:3   | Got a transparent hat
 12923 | Lair:3   | Identified the cursed +0 hat of Remmep {rElec rC+ MR+} (You
                  | found it on level 3 of the Lair of Beasts)
 13266 | Lair:4   | Reached skill level 1 in Shields
 13678 | Lair:4   | Lost mutation: You are weak. (Str -2) [potion of mutation]
 13678 | Lair:4   | Lost mutation: You are clumsy. (Dex -2) [potion of
                  | mutation]
 13678 | Lair:4   | Lost mutation: Scrolls take you a little longer to read.
                  | [potion of mutation]
 13678 | Lair:4   | Gained mutation: Scrolls take you a little longer to read.
                  | [potion of mutation]
 13678 | Lair:4   | Gained mutation: You have sharp toenails. [potion of
                  | mutation]
 13943 | Lair:5   | Reached skill level 5 in Shields
 14321 | Lair:5   | Reached XP level 14. HP: 127/127 MP: 17/17
 14390 | Lair:5   | Found a viscous altar of Jiyva.
 14390 | Lair:5   | Found a staircase to the Slime Pits.
 14844 | Lair:6   | Entered Level 6 of the Lair of Beasts
 15098 | Lair:6   | Found a shimmering altar of Xom.
 15475 | Lair:6   | Got a heavily runed copper ring
 16092 | Lair:6   | Identified the ring of Liberty {Dex+6 Slay+2 SInv} (You
                  | found it on level 6 of the Lair of Beasts)
 16331 | Orc:1    | Entered Level 1 of the Orcish Mines
 16336 | Orc:1    | Noticed Josephine
 16348 | Orc:1    | Killed Josephine
 16463 | Orc:1    | Found Foycub's Fabulous Fripperies.
 16470 | Orc:1    | Bought a scroll of fear for 42 gold pieces
 16470 | Orc:1    | Bought a scroll of fog for 24 gold pieces
 16613 | Orc:2    | Entered Level 2 of the Orcish Mines
 16680 | Orc:2    | Found a gate leading to a gauntlet.
 16686 | Gauntlet | Entered a Gauntlet
 16686 | Gauntlet | Found a transporter.
 16686 | Gauntlet | Found a transporter.
 16698 | Gauntlet | Gained mutation: You are frail. (-10% HP) [a shining eye]
 16843 | Gauntlet | Found a transporter.
 16855 | Gauntlet | Found a transporter.
 16859 | Gauntlet | Found a transporter.
 16876 | Gauntlet | Found a transporter.
 16886 | Gauntlet | Found a transporter.
 16893 | Gauntlet | Found a transporter.
 16908 | Gauntlet | Found a transporter.
 16950 | Gauntlet | Found a transporter.
 16996 | Gauntlet | Got turquoise-studded pearl dragon scales
 17008 | Gauntlet | Identified the +0 pearl dragon scales "Salint" {rC- rN+
                  | rCorr Int+2} (You found it in a Gauntlet)
 17261 | Orc:1    | Found a runed translucent gate.
 17261 | Orc:1    | Found a runed translucent gate.
 17261 | Orc:1    | Found a runed translucent gate.
 17264 | Orc:1    | Noticed Poijas's ghost (journeyman DsAK)
 17264 | Orc:1    | Identified the +3 morningstar of Fate {crush, rN+ MR- Str+3
                  | SInv}
 17270 | Orc:1    | Found an iron altar of Okawaru.
 17353 | Orc:2    | Found a staircase to the Elven Halls.
 17417 | Orc:2    | Reached XP level 15. HP: 109/119 MP: 19/19
 17692 | Orc:2    | Found Riec Bofia's Jewellery Shoppe.
 17692 | Orc:2    | Found Duacretz's Gadget Shoppe.
 17693 | Orc:2    | Found Feet's Antique Weapon Shop.
 17693 | Orc:2    | Found Ilivues's Magic Scroll Shop.
 17738 | Orc:2    | Bought a scroll of identify for 28 gold pieces
 17738 | Orc:2    | Bought a scroll of teleportation for 42 gold pieces
 17738 | Orc:2    | Bought a scroll of magic mapping for 49 gold pieces
 17738 | Orc:2    | Bought a scroll of teleportation for 42 gold pieces
 17738 | Orc:2    | Bought a scroll of blinking for 105 gold pieces
 17738 | Orc:2    | Bought a scroll of identify for 28 gold pieces
 17738 | Orc:2    | Bought a scroll of fear for 49 gold pieces
 18164 | Orc:2    | Paralysed by fainting for 8 turns
 18410 | Orc:1    | Killed Poijas's ghost
 18642 | Swamp:1  | Entered Level 1 of the Swamp
 18672 | Swamp:1  | Reached skill level 10 in Shields
 19926 | Swamp:3  | Found a runed translucent door.
 19929 | Swamp:3  | Noticed Inabeac's ghost (journeyman MiBe)
 19974 | Swamp:3  | Killed Inabeac's ghost
 20117 | Swamp:3  | Reached XP level 16. HP: 73/130 MP: 21/21
 20225 | Swamp:3  | Lost mutation: Scrolls take you a little longer to read.
                  | [potion of mutation]
 20225 | Swamp:3  | Lost mutation: You are frail. (-10% HP) [potion of
                  | mutation]
 20225 | Swamp:3  | Lost mutation: You have sharp toenails. [potion of
                  | mutation]
 20225 | Swamp:3  | Gained mutation: Your magical capacity is low. (-10% MP)
                  | [potion of mutation]
 20225 | Swamp:3  | Gained mutation: You expend magic power (3 MP) to
                  | strengthen your wands. [potion of mutation]
 20225 | Swamp:3  | Gained mutation: Armour fits poorly on your strangely
                  | shaped body. [potion of mutation]
 20225 | Swamp:3  | Gained mutation: Your movements are slightly less
                  | encumbered by armour. (ER -2) [potion of mutation]
 20226 | Swamp:3  | Lost mutation: Armour fits poorly on your strangely shaped
                  | body. [potion of mutation]
 20226 | Swamp:3  | Lost mutation: Your movements are slightly less encumbered
                  | by armour. (ER -2) [potion of mutation]
 20226 | Swamp:3  | Lost mutation: Your magical capacity is low. (-10% MP)
                  | [potion of mutation]
 20226 | Swamp:3  | Lost mutation: You expend magic power (3 MP) to strengthen
                  | your wands. [potion of mutation]
 20226 | Swamp:3  | Gained mutation: You evolve. [potion of mutation]
 20226 | Swamp:3  | Gained mutation: You possess an exceptional clarity of
                  | mind. [potion of mutation]
 20888 | Swamp:3  | Gained mutation: Your spells are a little harder to cast,
                  | but a little more powerful. [evolution]
 20888 | Swamp:3  | Lost mutation: You evolve. [end of evolution]
 21013 | Swamp:4  | Entered Level 4 of the Swamp
 21670 | Swamp:4  | Got a decaying rune of Zot
 22348 | Spider:1 | Entered Level 1 of the Spider Nest
 22898 | Spider:2 | Identified Roxanne's Compendium of the Rocks
 22898 | Spider:2 | Noticed Roxanne
 23412 | Spider:2 | Reached XP level 17. HP: 155/156 MP: 22/22
 23456 | Spider:2 | Killed Roxanne
 24340 | Spider:4 | Entered Level 4 of the Spider Nest
 25344 | Spider:4 | Got a gossamer rune of Zot
 25711 | D:12     | Noticed Frances
 25725 | D:12     | Killed Frances
 26712 | D:13     | Learned a level 3 spell: Regeneration
 27230 | D:14     | Reached XP level 18. HP: 159/167 MP: 21/24
 27641 | D:14     | Found a gate to the Vaults.
 27999 | D:15     | Entered Level 15 of the Dungeon
 28253 | D:15     | Noticed Kirke
 28263 | D:15     | Killed Kirke
 28605 | D:15     | Found a staircase to the Depths.
 28938 | Depths:1 | Entered Level 1 of the Depths
 29414 | Depths:1 | Found a one-way gate to the infinite horrors of the Abyss.
 29693 | Depths:1 | Found a gateway to Hell.
 30030 | Depths:1 | Noticed Sojobo
 30042 | Depths:1 | Killed Sojobo
 30128 | Depths:1 | Reached skill level 10 in Invocations
 30397 | Depths:2 | Noticed Nikola
 30415 | Depths:2 | Killed Nikola
 31781 | Depths:2 | Noticed an ancient lich
 31783 | Depths:2 | Found a gateway to a ziggurat.
 31802 | Depths:2 | Killed an ancient lich
 31802 | Depths:2 | Reached XP level 19. HP: 115/176 MP: 25/25
 32217 | Depths:2 | Paralysed by a sphinx for 2 turns
 33381 | Depths:3 | Lost intelligence.
 33512 | Depths:3 | Found a one-way gate leading to the halls of Pandemonium.
 33521 | Depths:3 | Noticed a juggernaut
 33545 | Depths:3 | Killed a juggernaut
 33906 | Depths:3 | Found a snail-covered altar of Cheibriados.
 34392 | Depths:4 | Paralysed by a floating eye for 3 turns
 34412 | Depths:4 | Reached XP level 20. HP: 155/188 MP: 26/26
 34650 | Depths:4 | Reached skill level 15 in Shields
 35802 | Depths:4 | Noticed a caustic shrike
 35802 | Depths:4 | Noticed a caustic shrike
 35802 | Depths:4 | Noticed a caustic shrike
 35806 | Depths:4 | Noticed a caustic shrike
 35819 | Depths:4 | Killed a caustic shrike
 35819 | Depths:4 | Reached skill level 10 in Armour
 35821 | Depths:4 | Killed a caustic shrike
 35827 | Depths:4 | Killed a caustic shrike
 35838 | Depths:4 | Killed a caustic shrike
 36560 | Elf:1    | Entered Level 1 of the Elven Halls
 36916 | Elf:1    | Found a runed translucent gate.
 36916 | Elf:1    | Found a runed translucent gate.
 36916 | Elf:1    | Found a runed translucent gate.
 36916 | Elf:1    | Found a runed translucent gate.
 36916 | Elf:1    | Found a runed translucent gate.
 36966 | Elf:1    | Found a runed translucent gate.
 37530 | Elf:1    | Found a runed translucent gate.
 37530 | Elf:1    | Found a runed translucent gate.
 37530 | Elf:1    | Found a runed translucent gate.
 37563 | Elf:1    | Reached XP level 21. HP: 175/196 MP: 28/28
 37747 | Elf:1    | Identified Wicav's Reference Book on Darkness
 38252 | Elf:1    | Found a runed translucent gate.
 38252 | Elf:1    | Found a runed translucent gate.
 38258 | Elf:1    | Noticed Xuxuar's ghost (veteran DsBe)
 38262 | Elf:1    | Found a runed translucent gate.
 38327 | Elf:1    | Killed Xuxuar's ghost
 38489 | Elf:2    | Lost mutation: You possess an exceptional clarity of mind.
                  | [a neqoxec]
 38603 | Elf:2    | Lost mutation: You are surrounded by a mild repulsion
                  | field. (EV +2) [potion of mutation]
 38603 | Elf:2    | Lost mutation: Your spells are a little harder to cast, but
                  | a little more powerful. [potion of mutation]
 38603 | Elf:2    | Gained mutation: Your flesh is cold resistant. (rC+)
                  | [potion of mutation]
 38603 | Elf:2    | Gained mutation: You have a beak for a mouth. [potion of
                  | mutation]
 38897 | Elf:2    | Reached skill level 10 in Dodging
 39044 | Elf:2    | Found a runed translucent gate.
 39044 | Elf:2    | Found a runed translucent gate.
 39044 | Elf:2    | Found a runed translucent gate.
 39448 | Elf:3    | Entered Level 3 of the Elven Halls
 39849 | Elf:3    | Identified the ring "Xosea" {*Contam +Blink Int+5 Dex-3
                  | Stlth+}
 40551 | Elf:3    | Reached XP level 22. HP: 199/206 MP: 29/29
 40554 | Elf:3    | Reached skill level 10 in Fighting
 40879 | Elf:3    | Found Bofoter's Food Boutique.
 41248 | Elf:3    | Got a smoking large shield
 41280 | Elf:3    | Identified the cursed +0 large shield of the Countless Gods
                  | {rElec} (You found it on level 3 of the Elven Halls)
 41323 | Elf:3    | Identified the Handbook of the Escort and Protection
 41409 | Elf:3    | Learned a level 2 spell: Blink
 41711 | Vaults:1 | Entered Level 1 of the Vaults
 41902 | Vaults:1 | Found Risupnem's Assorted Antiques.
 41922 | Vaults:1 | Bought a scroll of fear for 98 gold pieces
 41922 | Vaults:1 | Bought a scroll of blinking for 210 gold pieces
 41922 | Vaults:1 | Bought a potion of haste for 280 gold pieces
 42395 | Vaults:1 | Found a bloodstained altar of Trog.
 44371 | Vaults:3 | Identified the +8 arbalest of Jaijuugu {speed, rElec rF+
                  | Str+4}
 44749 | Vaults:3 | Reached XP level 23. HP: 217/217 MP: 30/30
 45160 | Vaults:3 | Found a staircase to the Crypt.
 45223 | Vaults:3 | Found Haysesaw's Weapon Boutique.
 45788 | Vaults:4 | Noticed Saint Roka
 45811 | Vaults:4 | Killed Saint Roka
 46058 | Vaults:4 | Found Taryojoin's Gadget Shop.
 46972 | Vaults:5 | Entered Level 5 of the Vaults
 46972 | Vaults:5 | Noticed an ancient lich
 46997 | Vaults:5 | Reached XP level 24. HP: 225/227 MP: 31/31
 47015 | Vaults:5 | Reached skill level 27 in Unarmed Combat
 47600 | Vaults:5 | Identified the +9 shortbow of the Firefly {speed, Str+2
                  | SInv}
 47669 | Vaults:5 | Reached skill level 15 in Armour
 47995 | Vaults:5 | Killed an ancient lich
 47995 | Vaults:5 | Reached XP level 25. HP: 200/239 MP: 32/32
 48150 | Vaults:5 | Got a silver rune of Zot
 49177 | Depths:5 | Entered Level 5 of the Depths
 49620 | Depths:5 | Found a gate to the Realm of Zot.
 50121 | Depths:5 | Found Hyraemit's Gadget Shop.
 50122 | Depths:5 | Found Musm's Jewellery Shoppe.
 50122 | Depths:5 | Found Meytaacvu's Jewellery Shoppe.
 50132 | Depths:5 | Bought an uncursed ring of resist corrosion for 380 gold
                  | pieces
 50136 | Depths:5 | Bought a +4 ring of slaying for 1872 gold pieces
 50843 | D:12     | Paralysed by fainting for 5 turns
 50886 | D:11     | Bought a manual of Dodging for 1656 gold pieces
 51007 | Slime:1  | Entered Level 1 of the Pits of Slime
 51047 | Slime:2  | Noticed Dissolution
 51049 | Slime:2  | Gained mutation: Your spells are a little easier to cast,
                  | but a little less powerful. [a shining eye]
 51066 | Slime:3  | Gained mutation: Your spells are easier to cast, but less
                  | powerful. [a shining eye]
 51083 | Slime:3  | Paralysed by a floating eye for 4 turns
 51136 | Slime:4  | Gained mutation: You are frail. (-10% HP) [a shining eye]
 51137 | Slime:5  | Entered Level 5 of the Pits of Slime
 51162 | Slime:5  | Noticed the Royal Jelly
 51182 | Slime:5  | Killed the Royal Jelly
 51239 | Slime:5  | Gained mutation: Your magical capacity is low. (-10% MP) [a
                  | shining eye]
 51282 | Slime:5  | Got a slimy rune of Zot
 51918 | Lair:1   | Lost mutation: You are frail. (-10% HP) [potion of
                  | mutation]
 51918 | Lair:1   | Lost mutation: Your magical capacity is low. (-10% MP)
                  | [potion of mutation]
 51918 | Lair:1   | Lost mutation: You have a beak for a mouth. [potion of
                  | mutation]
 51918 | Lair:1   | Gained mutation: You heal very quickly. [potion of
                  | mutation]
 51918 | Lair:1   | Gained mutation: You have a pair of small horns on your
                  | head. [potion of mutation]
 51918 | Lair:1   | Gained mutation: You have a somewhat thin skeletal
                  | structure. (Dex +2, Stealth) [potion of mutation]
 52328 | Zot:1    | Entered Level 1 of the Realm of Zot
 52550 | Zot:1    | Reached XP level 26. HP: 253/253 MP: 32/32
 52961 | Zot:2    | Reached skill level 15 in Dodging
 53560 | Zot:2    | Reached skill level 15 in Fighting
 53844 | Zot:3    | Noticed an orb of fire
 53853 | Zot:3    | Killed an orb of fire
 54910 | Zot:4    | Reached XP level 27. HP: 241/274 MP: 32/32
 55425 | Zot:4    | Found a basalt altar of Yredelemnul.
 56139 | D:4      | Fell from the grace of Qazlal
 56139 | D:4      | Became a worshipper of the Shining One
 56504 | Crypt:1  | Entered Level 1 of the Crypt
 56583 | Crypt:1  | Reached * piety under the Shining One
 56671 | Crypt:1  | Reached ** piety under the Shining One
 56918 | Crypt:1  | Reached *** piety under the Shining One
 57121 | Crypt:1  | Lost mutation: Your flesh is cold resistant. (rC+) [the
                  | adversity of Qazlal]
 57169 | Crypt:2  | Reached **** piety under the Shining One
 57352 | Crypt:2  | Reached ***** piety under the Shining One
 57357 | Crypt:2  | Found a transporter.
 57357 | Crypt:2  | Found a transporter.
 57421 | Crypt:2  | Got a warped garnet amulet
 57426 | Crypt:2  | Got a spiked cloak
 57428 | Crypt:2  | Identified the cursed +0 cloak of Teurrus {*Slow rF+ Regen+
                  | rCorr} (You found it on level 2 of the Crypt)
 57512 | Crypt:2  | Identified the amulet of Vahy {Inacc rElec rF+ Str+4} (You
                  | found it on level 2 of the Crypt)
 57917 | Crypt:3  | Entered Level 3 of the Crypt
 58030 | Crypt:3  | Reached ****** piety under the Shining One
 58034 | Crypt:3  | Reached skill level 15 in Invocations
 58248 | Crypt:3  | Found a basalt altar of Yredelemnul.
 58249 | Crypt:3  | Noticed an ancient lich
 58259 | Crypt:3  | Killed an ancient lich
 58294 | Crypt:3  | Found the cursed +13 scythe of Curses {drain, *Curse}
 58744 | Crypt:3  | Found a staircase to the Tomb.
 59130 | Hell     | Entered the Vestibule of Hell
 59130 | Hell     | Noticed Geryon
 59133 | Hell     | Noticed Murray
 59276 | Hell     | Killed Murray
 59459 | Hell     | Killed Geryon
 59471 | Hell     | Found a gateway to the Iron City of Dis.
 59582 | Hell     | Found a gateway to the decaying netherworld of Tartarus.
 59690 | Hell     | Found a gateway to the ashen valley of Gehenna.
 59895 | Hell     | Found a gateway to the freezing wastes of Cocytus.
 60006 | Tar:1    | Entered Level 1 of Tartarus
 61587 | Tar:7    | Entered Level 7 of Tartarus
 62360 | Tar:7    | Noticed Ereshkigal
 62386 | Tar:7    | Killed Ereshkigal
 62550 | Tar:7    | Identified Hitoesoa's Tome of Supportive Enhancements
 63317 | Tar:7    | Got a bone rune of Zot
 63585 | Geh:1    | Entered Level 1 of Gehenna
 64483 | Geh:7    | Entered Level 7 of Gehenna
 64666 | Geh:7    | Noticed the Serpent of Hell
 64678 | Geh:7    | Killed the Serpent of Hell
 64886 | Geh:7    | Identified Sepnooga's Compendium of Spatial Transmutation
 64893 | Geh:7    | Identified Xusyat's Handbook of Damaging Translocation
 64990 | Geh:7    | Identified the +7 sceptre of Asmodeus
 64990 | Geh:7    | Noticed Asmodeus
 65012 | Geh:7    | Killed Asmodeus
 65028 | Geh:7    | Got an obsidian rune of Zot
 65416 | Dis:1    | Entered Level 1 of the Iron City of Dis
 66129 | Dis:1    | Was forgiven by Qazlal
 66473 | Dis:2    | Reached skill level 1 in Translocations
 66592 | Dis:2    | Reached skill level 1 in Spellcasting
 66830 | Dis:3    | You fall through a shaft for 3 floors!
 66879 | Dis:7    | Entered Level 7 of the Iron City of Dis
 68072 | Dis:7    | Identified the +4 staff of Dispater
 68072 | Dis:7    | Noticed Dispater
 68140 | Dis:7    | Killed Dispater
 68182 | Dis:7    | Got an iron rune of Zot
 68720 | Coc:1    | Entered Level 1 of Cocytus
 70251 | Coc:4    | Reached skill level 5 in Translocations
 70881 | Coc:7    | Entered Level 7 of Cocytus
 71776 | Coc:7    | Reached skill level 5 in Spellcasting
 71980 | Coc:7    | Noticed Antaeus
 72010 | Coc:7    | Killed Antaeus
 72040 | Coc:7    | Got an icy rune of Zot
 72692 | Lair:1   | Learned a level 2 spell: Song of Slaying
 72694 | Lair:1   | Learned a level 1 spell: Summon Butterflies
 72696 | Lair:1   | Learned a level 1 spell: Apportation
 72988 | Tomb:1   | Entered Level 1 of the Tomb of the Ancients
 73409 | Tomb:1   | Noticed a greater mummy
 73422 | Tomb:1   | Killed a greater mummy
 73422 | Tomb:1   | Reached skill level 1 in Charms
 73434 | Tomb:1   | Noticed a greater mummy
 73451 | Tomb:1   | Killed a greater mummy
 74311 | Tomb:2   | Noticed an ancient lich
 74311 | Tomb:2   | Noticed a greater mummy
 74311 | Tomb:2   | Noticed a greater mummy
 74317 | Tomb:2   | Noticed an ancient lich
 74325 | Tomb:2   | Killed an ancient lich
 74332 | Tomb:2   | Killed an ancient lich
 74336 | Tomb:2   | Killed a greater mummy
 74338 | Tomb:2   | Killed a greater mummy
 74789 | Tomb:1   | Noticed a greater mummy
 74789 | Tomb:1   | Noticed a greater mummy
 74794 | Tomb:1   | Killed a greater mummy
 74801 | Tomb:1   | Killed a greater mummy
 74802 | Tomb:1   | Noticed a greater mummy
 74808 | Tomb:1   | Noticed a greater mummy
 74809 | Tomb:1   | Killed a greater mummy
 74810 | Tomb:1   | Noticed a greater mummy
 74811 | Tomb:1   | Noticed a greater mummy
 74816 | Tomb:1   | Killed a greater mummy
 74820 | Tomb:1   | Killed a greater mummy
 74820 | Tomb:1   | Killed a greater mummy
 75026 | Tomb:1   | Noticed a greater mummy
 75037 | Tomb:1   | Noticed a greater mummy
 75047 | Tomb:1   | Killed a greater mummy
 75056 | Tomb:1   | Noticed a greater mummy
 75061 | Tomb:1   | Killed a greater mummy
 75063 | Tomb:1   | Noticed a greater mummy
 75070 | Tomb:1   | Killed a greater mummy
 75075 | Tomb:1   | Killed a greater mummy
 75076 | Tomb:1   | Noticed a greater mummy
 75086 | Tomb:1   | Killed a greater mummy
 75309 | Tomb:1   | Noticed a greater mummy
 75318 | Tomb:1   | Killed a greater mummy
 75325 | Tomb:1   | Noticed a greater mummy
 75339 | Tomb:1   | Noticed a greater mummy
 75351 | Tomb:1   | Killed a greater mummy
 75352 | Tomb:1   | Killed a greater mummy
 75401 | Tomb:1   | Noticed a greater mummy
 75410 | Tomb:1   | Killed a greater mummy
 75848 | Tomb:3   | Entered Level 3 of the Tomb of the Ancients
 75867 | Tomb:3   | Noticed a greater mummy
 75884 | Tomb:3   | Noticed a greater mummy
 75892 | Tomb:3   | Noticed a greater mummy
 75895 | Tomb:3   | Noticed a greater mummy
 75906 | Tomb:3   | Noticed a greater mummy
 75911 | Tomb:3   | Killed a greater mummy
 75920 | Tomb:3   | Killed a greater mummy
 75927 | Tomb:3   | Killed a greater mummy
 75928 | Tomb:3   | Killed a greater mummy
 75938 | Tomb:3   | Killed a greater mummy
 75958 | Tomb:3   | Reached skill level 27 in Invocations
 75965 | Tomb:3   | Noticed a greater mummy
 75994 | Tomb:3   | Killed a greater mummy
 76009 | Tomb:3   | Noticed an ancient lich
 76019 | Tomb:3   | Noticed a greater mummy
 76022 | Tomb:3   | Killed an ancient lich
 76025 | Tomb:3   | Noticed a greater mummy
 76030 | Tomb:3   | Killed a greater mummy
 76042 | Tomb:3   | Killed a greater mummy
 76300 | Tomb:3   | Got a brightly glowing ruby amulet
 76357 | Tomb:3   | Got a smoking platinum ring
 76362 | Tomb:3   | Identified the ring "Lutelicw" {MR+ Int+4 Slay+2} (You
                  | found it on level 3 of the Tomb of the Ancients)
 76363 | Tomb:3   | Identified the amulet of Ruytrom {Gourm rF+ SInv} (You
                  | found it on level 3 of the Tomb of the Ancients)
 76470 | Tomb:3   | Got a scintillating golden ring
 76481 | Tomb:3   | Identified the Compendium of Stones and Venom
 76484 | Tomb:3   | Got a warped platinum ring
 76488 | Tomb:3   | Got a warped bone amulet
 76490 | Tomb:3   | Got a shimmering bone ring
 76553 | Tomb:3   | Got a transparent lead amulet
 76641 | Tomb:3   | Got a golden rune of Zot
 76745 | Tomb:3   | Identified the ring "Fualopty" {*Slow rC+++ MP+9 Str+4
                  | Dex+2} (You found it on level 3 of the Tomb of the
                  | Ancients)
 76746 | Tomb:3   | Identified the ring of Butchery {Str+2 SInv} (You found it
                  | on level 3 of the Tomb of the Ancients)
 76747 | Tomb:3   | Identified the amulet of Tomorrow {Gourm rF+ rN+++ Dex+2}
                  | (You found it on level 3 of the Tomb of the Ancients)
 76748 | Tomb:3   | Identified the ring "Enoes" {Dex+3 Stlth-} (You found it on
                  | level 3 of the Tomb of the Ancients)
 76749 | Tomb:3   | Identified the amulet "Zahuvvun" {RegenMP rF+ Str-5 Dex+3
                  | Slay+4} (You found it on level 3 of the Tomb of the
                  | Ancients)
 77516 | Elf:3    | Bought a ration for 60 gold pieces
 77516 | Elf:3    | Bought a ration for 60 gold pieces
 77516 | Elf:3    | Bought a ration for 60 gold pieces
 77516 | Elf:3    | Bought a ration for 60 gold pieces
 77516 | Elf:3    | Bought a ration for 60 gold pieces
 77516 | Elf:3    | Bought a ration for 60 gold pieces
 77516 | Elf:3    | Bought a ration for 60 gold pieces
 77516 | Elf:3    | Bought a ration for 60 gold pieces
 77516 | Elf:3    | Bought a ration for 60 gold pieces
 77516 | Elf:3    | Bought a ration for 60 gold pieces
 77516 | Elf:3    | Bought a ration for 60 gold pieces
 77854 | Zig:1    | Entered Level 1 of a ziggurat
 77879 | Zig:2    | Entered Level 2 of a ziggurat
 77939 | Zig:2    | Reached skill level 5 in Charms
 77943 | Zig:3    | Entered Level 3 of a ziggurat
 77948 | Zig:3    | Noticed Tihir the pandemonium lord
 77957 | Zig:3    | Killed Tihir the pandemonium lord
 77972 | Zig:3    | Identified the Tome of Captivating Transmigration
 78042 | Zig:4    | Entered Level 4 of a ziggurat
 78085 | Zig:4    | Got a coiled ivory ring
 78088 | Zig:4    | Identified the ring "Mehoofoe" {+Inv rC+ rN+ Str-2 Slay+2}
                  | (You found it on level 4 of a ziggurat)
 78097 | Zig:5    | Entered Level 5 of a ziggurat
 78161 | Zig:6    | Entered Level 6 of a ziggurat
 78197 | Zig:6    | Identified the Grimoire of Hurtful Shape Shifting
 78237 | Zig:7    | Entered Level 7 of a ziggurat
 78283 | Zig:7    | Identified the Collected Works on Lethal Bewitchment
 78375 | Zig:8    | Entered Level 8 of a ziggurat
 78383 | Zig:8    | Identified a scroll of acquirement
 78581 | Zig:9    | Entered Level 9 of a ziggurat
 78593 | Zig:9    | Found the +5 demon whip "Spellbinder" {antimagic, MR+}
 78595 | Zig:9    | Got a brightly glowing cloak
 78635 | Zig:9    | Identified the +3 cloak of Xahaxadd {rN+ Str+5} (You
                  | acquired it on level 9 of a ziggurat)
 78681 | Zig:10   | Entered Level 10 of a ziggurat
 78783 | Zig:10   | Got a clouded granite ring
 78805 | Zig:10   | Identified the ring of Suqeuv Vaipn {-Tele rPois rF+ Dex+6}
                  | (You found it on level 10 of a ziggurat)
 78821 | Zig:11   | Entered Level 11 of a ziggurat
 78834 | Zig:11   | Noticed Loddotann the pandemonium lord
 78840 | Zig:11   | Killed Loddotann the pandemonium lord
 78845 | Zig:11   | Found the +7 captain's cutlass {speed, disarm}
 78873 | Zig:11   | Identified the Handbook of Glacial Moulding
 78877 | Zig:11   | Got a coiled steel amulet
 78885 | Zig:11   | Identified the Papyrus of Icy Enchantment
 78897 | Zig:11   | Identified the amulet "Qaggog" {Harm *Drain rC+} (You found
                  | it on level 11 of a ziggurat)
 78904 | Zig:12   | Entered Level 12 of a ziggurat
 79108 | Zig:13   | Entered Level 13 of a ziggurat
 79170 | Zig:13   | Cast into level 2 of the Abyss (red draconian)
 79170 | Abyss:2  | Found a corrupted altar of Lugonu.
 79395 | Abyss:2  | Gained mutation: You are dopey. (Int -2) [a neqoxec]
 79399 | Abyss:2  | Identified the +6 large shield of Foolhardiness {Int+4}
 79410 | Abyss:2  | Gained mutation: You are very dopey. (Int -4) [a neqoxec]
 79442 | Abyss:2  | Lost mutation: Your spells are easier to cast, but less
                  | powerful. [potion of mutation]
 79442 | Abyss:2  | Lost mutation: You have a pair of small horns on your head.
                  | [potion of mutation]
 79442 | Abyss:2  | Lost mutation: Your spells are a little easier to cast, but
                  | a little less powerful. [potion of mutation]
 79442 | Abyss:2  | Gained mutation: Your body sometimes deteriorates upon
                  | taking damage. [potion of mutation]
 79442 | Abyss:2  | Gained mutation: You are somewhat resistant to further
                  | mutation. [potion of mutation]
 79443 | Abyss:2  | Lost mutation: Your body sometimes deteriorates upon taking
                  | damage. [potion of mutation]
 79443 | Abyss:2  | Lost mutation: You are very dopey. (Int -4) [potion of
                  | mutation]
 79443 | Abyss:2  | Lost mutation: You heal very quickly. [potion of mutation]
 79443 | Abyss:2  | Lost mutation: You are dopey. (Int -2) [potion of mutation]
 79443 | Abyss:2  | Gained mutation: You are agile. (Dex +2) [potion of
                  | mutation]
 79443 | Abyss:2  | Gained mutation: You are weak. (Str -2) [potion of
                  | mutation]
 79456 | Zig:13   | Escaped the Abyss
 79678 | Zig:13   | Found the +8 autumn katana {slice, Clar}
 79685 | Zig:13   | Got a scintillating ivory ring
 79716 | Zig:13   | Identified the ring "Fonnabiw" {rPois rF+ MR+} (You found
                  | it on level 13 of a ziggurat)
 79734 | Zig:13   | Got faintly humming storm dragon scales
 79745 | Zig:13   | Identified the +5 storm dragon scales of the Exiled Planets
                  | {*Drain rElec rPois Slay+3} (You found it on level 13 of a
                  | ziggurat)
 79756 | Zig:14   | Entered Level 14 of a ziggurat
 79938 | Zig:15   | Entered Level 15 of a ziggurat
 80080 | Zig:15   | Paralysed by a floating eye for 3 turns
 80106 | Zig:15   | Gained mutation: You are occasionally teleported next to
                  | monsters. [a shining eye]
 80111 | Zig:15   | Paralysed by a floating eye for 2 turns
 80115 | Zig:15   | HP: 5/312 [acid (19)]
 80122 | Zig:15   | HP: 15/312 [acid (11)]
 80138 | Zig:15   | Paralysed by a floating eye for 2 turns
 80455 | Zig:16   | Entered Level 16 of a ziggurat
 80477 | Zig:16   | Noticed Buolemmiun the pandemonium lord
 80480 | Zig:16   | Reached skill level 10 in Translocations
 80549 | Zig:16   | HP: 15/312 [ice dragon/blast of cold[Buolemmiun] (4)]
 80588 | Zig:16   | Killed Buolemmiun the pandemonium lord
 80775 | Zig:17   | Entered Level 17 of a ziggurat
 81008 | Zig:18   | Entered Level 18 of a ziggurat
 81101 | Zig:18   | Reached skill level 10 in Spellcasting
 81369 | Zig:18   | Found the +9 staff of Wucad Mu {channel}
 81396 | Zig:18   | Got a wavering gossamer ring
 81409 | Zig:18   | Got a glittering copper ring
 81410 | Zig:18   | Identified the Incunabulum of Earth and Boosts
 81425 | Zig:18   | Identified the ring "Aschies" {rElec rC+ MR+} (You found it
                  | on level 18 of a ziggurat)
 81426 | Zig:18   | Identified the ring of the Centipede {rF- rC++ Int+4} (You
                  | found it on level 18 of a ziggurat)
 81443 | Zig:19   | Entered Level 19 of a ziggurat
 81471 | Zig:19   | Noticed Riupaep the pandemonium lord
 81500 | Zig:19   | Noticed Gaeg the pandemonium lord
 81502 | Zig:19   | Noticed Xuetah the pandemonium lord
 81508 | Zig:19   | Noticed Buozeval the pandemonium lord
 81517 | Zig:19   | Noticed Neriedwic the pandemonium lord
 81519 | Zig:19   | Killed Riupaep the pandemonium lord
 81525 | Zig:19   | Killed Xuetah the pandemonium lord
 81525 | Zig:19   | Noticed Molamuob the pandemonium lord
 81526 | Zig:19   | Killed Neriedwic the pandemonium lord
 81526 | Zig:19   | Killed Gaeg the pandemonium lord
 81526 | Zig:19   | Noticed Otintoile the pandemonium lord
 81527 | Zig:19   | Noticed Dius the pandemonium lord
 81532 | Zig:19   | Killed Buozeval the pandemonium lord
 81536 | Zig:19   | Noticed Beilic the pandemonium lord
 81537 | Zig:19   | Killed Molamuob the pandemonium lord
 81544 | Zig:19   | Noticed Zuahurr the pandemonium lord
 81546 | Zig:19   | Killed Otintoile the pandemonium lord
 81548 | Zig:19   | Killed Dius the pandemonium lord
 81559 | Zig:19   | Noticed Ciffo the pandemonium lord
 81560 | Zig:19   | Killed Beilic the pandemonium lord
 81561 | Zig:19   | Killed Zuahurr the pandemonium lord
 81580 | Zig:19   | Killed Ciffo the pandemonium lord
 81736 | Zig:19   | Found the +6 shillelagh "Devastator" {shatter}
 81776 | Zig:19   | Identified the Compendium of Quantum Flight
 81794 | Zig:19   | Found the +3 crown of Dyrovepreva {rElec Int+2 SInv}
 81804 | Zig:20   | Entered Level 20 of a ziggurat
 81839 | Zig:20   | Paralysed by a hornet for 2 turns
 81842 | Zig:20   | Found the macabre finger necklace {rN+}
 81842 | Zig:20   | Found the +8 demon blade "Bloodbane" {slice, *Rage +Rage
                  | Stlth-}
 81847 | Zig:20   | Reached skill level 10 in Charms
 82366 | Zig:21   | Entered Level 21 of a ziggurat
 82397 | Zig:21   | Noticed a juggernaut
 82403 | Zig:21   | Noticed a juggernaut
 82421 | Zig:21   | Killed a juggernaut
 82426 | Zig:21   | Noticed a juggernaut
 82435 | Zig:21   | Killed a juggernaut
 82451 | Zig:21   | Killed a juggernaut
 82469 | Zig:21   | Noticed a juggernaut
 82475 | Zig:21   | Noticed a juggernaut
 82488 | Zig:21   | Killed a juggernaut
 82492 | Zig:21   | Noticed a juggernaut
 82508 | Zig:21   | Killed a juggernaut
 82604 | Zig:21   | Killed a juggernaut
 82821 | Zig:22   | Entered Level 22 of a ziggurat
 82970 | Zig:22   | Identified the Tome of the Gnat
 82973 | Zig:22   | Got a clouded glass ring
 82975 | Zig:22   | Got a heavily runed golden ring
 82981 | Zig:22   | Got a flickering golden amulet
 82987 | Zig:22   | Identified the Papyrus of the Voyage
 82999 | Zig:22   | Identified the ring of Adatziproes {Ice rElec} (You found
                  | it on level 22 of a ziggurat)
 83000 | Zig:22   | Identified the ring "Bimyclyh" {rF+ rC+ rN+ Int+3} (You
                  | found it on level 22 of a ziggurat)
 83001 | Zig:22   | Identified the amulet "Xiheleso" {Gourm MR+ Int+3 SInv
                  | Stlth-} (You found it on level 22 of a ziggurat)
 83059 | Zig:23   | Entered Level 23 of a ziggurat
 83306 | Zig:23   | Found the ring of Phasing {EV+8}
 83650 | Zig:23   | Identified the Compendium of Cold and Sinister Rituals
 83669 | Zig:23   | Got a translucent jade ring
 83687 | Zig:23   | Identified the ring "Wiwkory" {rN++ MR+ Str+4 Dex-2} (You
                  | found it on level 23 of a ziggurat)
 83704 | Zig:24   | Entered Level 24 of a ziggurat
 83721 | Zig:24   | Noticed Igecosih the pandemonium lord
 83724 | Zig:24   | Noticed Hyaze the pandemonium lord
 83724 | Zig:24   | Noticed Budwalum the pandemonium lord
 83746 | Zig:24   | Noticed Juolaar the pandemonium lord
 83747 | Zig:24   | Noticed Cisic the pandemonium lord
 83747 | Zig:24   | Noticed Viz Zor the pandemonium lord
 83749 | Zig:24   | Noticed Urphe the pandemonium lord
 83749 | Zig:24   | Noticed Xenuig the pandemonium lord
 83755 | Zig:24   | Noticed Ossofio the pandemonium lord
 83756 | Zig:24   | Noticed Fyony the pandemonium lord
 83780 | Zig:24   | Noticed Zoicw the pandemonium lord
 83789 | Zig:24   | Noticed Feso the pandemonium lord
 83794 | Zig:24   | Killed Budwalum the pandemonium lord
 83794 | Zig:24   | Noticed Lizomech the pandemonium lord
 83797 | Zig:24   | Killed Hyaze the pandemonium lord
 83797 | Zig:24   | Killed Igecosih the pandemonium lord
 83802 | Zig:24   | Killed Urphe the pandemonium lord
 83808 | Zig:24   | Killed Feso the pandemonium lord
 83811 | Zig:24   | Killed Ossofio the pandemonium lord
 83815 | Zig:24   | Killed Zoicw the pandemonium lord
 83819 | Zig:24   | Noticed Imurch the pandemonium lord
 83825 | Zig:24   | Killed Lizomech the pandemonium lord
 83845 | Zig:24   | Killed Viz Zor the pandemonium lord
 83867 | Zig:24   | Paralysed by a floating eye for 4 turns
 83887 | Zig:24   | Killed Juolaar the pandemonium lord
 83910 | Zig:24   | Killed Imurch the pandemonium lord
 83921 | Zig:24   | Killed Fyony the pandemonium lord
 83948 | Zig:24   | Killed Xenuig the pandemonium lord
 83956 | Zig:24   | Killed Cisic the pandemonium lord
 84009 | Zig:24   | Lost mutation: You are weak. (Str -2) [potion of mutation]
 84009 | Zig:24   | Lost mutation: You are agile. (Dex +2) [potion of mutation]
 84011 | Zig:24   | Lost mutation: You are somewhat resistant to further
                  | mutation. [potion of mutation]
 84011 | Zig:24   | Lost mutation: You are occasionally teleported next to
                  | monsters. [potion of mutation]
 84011 | Zig:24   | Gained mutation: You are agile. (Dex +2) [potion of
                  | mutation]
 84011 | Zig:24   | Gained mutation: You have large cloven feet. [potion of
                  | mutation]
 84012 | Zig:24   | Lost mutation: You are agile. (Dex +2) [potion of mutation]
 84012 | Zig:24   | Lost mutation: You have large cloven feet. [potion of
                  | mutation]
 84012 | Zig:24   | Gained mutation: You have a pair of small horns on your
                  | head. [potion of mutation]
 84012 | Zig:24   | Gained mutation: You have a pair of horns on your head.
                  | [potion of mutation]
 84013 | Zig:24   | Lost mutation: You have a pair of horns on your head.
                  | [potion of mutation]
 84013 | Zig:24   | Lost mutation: You have a pair of small horns on your head.
                  | [potion of mutation]
 84013 | Zig:24   | Lost mutation: You have a somewhat thin skeletal structure.
                  | (Dex +2, Stealth) [potion of mutation]
 84013 | Zig:24   | Gained mutation: You tend to lose your temper in combat.
                  | [potion of mutation]
 84013 | Zig:24   | Gained mutation: You can translocate small distances at
                  | will. [potion of mutation]
 84014 | Zig:24   | Lost mutation: You can translocate small distances at will.
                  | [potion of mutation]
 84014 | Zig:24   | Lost mutation: You tend to lose your temper in combat.
                  | [potion of mutation]
 84014 | Zig:24   | Gained mutation: You are partially covered in molten
                  | scales. (AC +2) [potion of mutation]
 84014 | Zig:24   | Gained mutation: You are covered in thick fur. (AC +2)
                  | [potion of mutation]
 84024 | Zig:24   | Identified the Almanac of Frigorific Evil Magic
 84162 | Zig:25   | Entered Level 25 of a ziggurat
 84239 | Zig:25   | Paralysed by accursed screaming for 2 turns
 84250 | Zig:25   | Paralysed by accursed screaming for 2 turns
 84364 | Zig:25   | Paralysed by accursed screaming for 2 turns
 84717 | Zig:25   | Got a vibrating ruby amulet
 84757 | Zig:25   | Reached skill level 1 in Summonings
 84762 | Zig:25   | Identified the Handbook of Creation and Confrontation
 84767 | Zig:26   | Entered Level 26 of a ziggurat
 84938 | Zig:26   | HP: 15/318 [Hell Sentinel/damnation[a deep elf
                  | demonologist] (32)]
 84951 | Zig:26   | Identified the amulet "Pocuweom" {Spirit Dex+3} (You found
                  | it on level 25 of a ziggurat)
 84956 | Zig:26   | HP: 14/318 [Ice Fiend[a deep elf demonologist] (14)]
 84956 | Zig:26   | HP: 5/318 [Ice Fiend[a deep elf demonologist] (9)]
 84969 | Zig:26   | HP: 10/318 [deep elf annihilator/bolt of lightning (22)]
 84973 | Zig:26   | HP: 1/318 [deep elf high priest/divine providence (11)]
 84973 | Zig:26   | The Shining One protects you from harm!
 84973 | Zig:26   | The Shining One protects you from harm!
 84994 | Zig:26   | HP: 15/318 [deep elf high priest/arrow (6)]
 84995 | Zig:27   | Entered Level 27 of a ziggurat
 85100 | Zig:27   | Noticed an ancient lich
 85106 | Zig:27   | Noticed an ancient lich
 85112 | Zig:27   | Killed an ancient lich
 85139 | Zig:27   | Killed an ancient lich
 85262 | Zig:27   | Found the ring of Shadows {Umbra +Inv Stlth+}
 85275 | Zig:27   | Identified the Grimoire of Air and the Rocks
 85302 | Zig:27   | Got a shimmering ivory ring
 85305 | Zig:27   | Identified the Catalogue of Air
 85332 | Zig:27   | Identified the ring of Anarchy {*Tele *Slow MR+ Str+3} (You
                  | found it on level 27 of a ziggurat)
 85353 | Depths:2 | Reached skill level 5 in Summonings
 85478 | Zot:5    | Entered Level 5 of the Realm of Zot
 85735 | Zot:5    | Noticed an orb of fire
 85735 | Zot:5    | Noticed an orb of fire
 85735 | Zot:5    | Noticed an ancient lich
 85740 | Zot:5    | Gained mutation: Your magical capacity is low. (-10% MP)
                  | [an orb of fire]
 85758 | Zot:5    | Killed an ancient lich
 85759 | Zot:5    | Lost mutation: Your magical capacity is low. (-10% MP) [an
                  | orb of fire]
 85759 | Zot:5    | Gained mutation: Potions are less effective at restoring
                  | your health. [an orb of fire]
 85761 | Zot:5    | Killed an orb of fire
 85765 | Zot:5    | Gained mutation: Your spells are a little harder to cast,
                  | but a little more powerful. [an orb of fire]
 85766 | Zot:5    | Gained mutation: You are frail. (-10% HP) [an orb of fire]
 85774 | Zot:5    | Killed an orb of fire
 85933 | Zot:5    | Noticed an ancient lich
 85943 | Zot:5    | Killed an ancient lich
 86070 | Zot:5    | Lost mutation: You are frail. (-10% HP) [potion of
                  | mutation]
 86070 | Zot:5    | Lost mutation: You are partially covered in molten scales.
                  | (AC +2) [potion of mutation]
 86070 | Zot:5    | Gained mutation: You have a pair of small horns on your
                  | head. [potion of mutation]
 86070 | Zot:5    | Gained mutation: You are frail. (-10% HP) [potion of
                  | mutation]
 86070 | Zot:5    | Gained mutation: You passively map a small area around you.
                  | [potion of mutation]
 86071 | Zot:5    | Lost mutation: Your spells are a little harder to cast, but
                  | a little more powerful. [potion of mutation]
 86071 | Zot:5    | Lost mutation: You are frail. (-10% HP) [potion of
                  | mutation]
 86071 | Zot:5    | Gained mutation: Your body sometimes deteriorates upon
                  | taking damage. [potion of mutation]
 86071 | Zot:5    | Gained mutation: Your mind is acute. (Int +2) [potion of
                  | mutation]
 86072 | Zot:5    | Lost mutation: Potions are less effective at restoring your
                  | health. [potion of mutation]
 86072 | Zot:5    | Lost mutation: Your mind is acute. (Int +2) [potion of
                  | mutation]
 86072 | Zot:5    | Lost mutation: Your body sometimes deteriorates upon taking
                  | damage. [potion of mutation]
 86072 | Zot:5    | Lost mutation: You have a pair of small horns on your head.
                  | [potion of mutation]
 86072 | Zot:5    | Gained mutation: Your spells are a little harder to cast,
                  | but a little more powerful. [potion of mutation]
 86086 | Zot:5    | Got the Orb of Zot
 86199 | Zot:5    | Noticed an ancient lich
 86199 | Zot:5    | Noticed an orb of fire
 86215 | Zot:5    | Noticed an ancient lich
 86215 | Zot:5    | Noticed an ancient lich
 86231 | Zot:5    | Killed an ancient lich
 86265 | Zot:5    | Gained mutation: You occasionally shout uncontrollably at
                  | your foes. [an orb of fire]
 86274 | Zot:5    | Killed an orb of fire
 86340 | Zot:4    | Noticed Siolov the pandemonium lord
 86346 | Zot:4    | Paralysed by a floating eye for 4 turns
 86352 | Zot:4    | Killed Siolov the pandemonium lord
 86964 | D:15     | Noticed Isitza the pandemonium lord
 86978 | D:15     | Killed Isitza the pandemonium lord
 87349 | D:4      | Noticed Liuph the pandemonium lord
 87355 | D:4      | Killed Liuph the pandemonium lord
 87502 | D:$      | Escaped with the Orb!

Vault maps used:
D:1:      minmay_arrival_jagged
D:2:      first_ration, uniq_jessica
D:3:      chequers_ecumenical_altar_island
D:4:      marbit_many_paths, led_sif_pool
D:5:      uniq_grinder
D:6:      okawaru_metal_pillars_3, kennysheep_mini,
          minmay_temple_entry_offerings, basic_altar
D:7:      lemuel_doored_altar, grunt_livestock, uniq_menkaure, uniq_pikel
D:8:      chequers_temple_overflow_statue_of_worship, uniq_joseph, uniq_psyche
D:9:      minmay_the_grid_octo_triangle, nicolae_ru_sacrificial_ziggurat,
          lemuel_zombie_altar_yredelemnul, minmay_shop_mass,
          hangedman_glass_teeth, tgw_kikubaaqudgha
D:10:     serial_shops, shop, minmay_crystal_water, uniq_urug
D:11:     due_lair_maze_entry_diamond, orc_0_dummy, serial_shops, shop,
          uniq_erolcha
D:12:     corexii_hall_statues_t, uniq_frances
D:14:     david_vaults_5, minmay_stone_trees_small, minmay_radiant
D:15:     gammafunk_enter_depths_forms, chequers_decorated_corner,
          dk_noncrumbling_4, minmay_unpleasant_kobolds, uniq_kirke
Temple:   dshaligram_water_room_temple
Lair:2:   swamp_mist, nicolae_spider_entry_non_spiders, portal_ice_cave_rime,
          uniq_erica
Lair:3:   gammafunk_ghost_berserking_beasts, grunt_megastairs_2
Lair:4:   serial_bayou_shore_b
Lair:5:   slime_altar_1, minivault_23, grunt_megastairs_1
Lair:6:   hangedman_lair_caniforms_friends, basic_altar, wad_woods_river_04
Swamp:1:  evilmike_swamp_ruin_house_5, nicolae_swamp_spriggan_camp,
          infiniplex_staircase_pool
Swamp:2:  hangedman_swamp_ruin_wall
Swamp:3:  gammafunk_ghost_grave, evilmike_swamp_ruin_house_2
Swamp:4:  swamp
Spider:2: uniq_roxanne
Spider:3: nicolae_spider_cling_halls, hangedman_spider_tarantella_strand
Spider:4: grunt_spider_rune_circles
Slime:1:  cheibrodos_slime_lost_civilization_2,
          cheibrodos_slime_lost_civilization_7
Slime:2:  dissolution_awaits
Orc:1:    gammafunk_ghost_fury_of_okawaru, nicolae_alphabet_shops,
          abandoned_shop, nicolae_orc_rockfall, uniq_josephine
Orc:2:    st_orc_elflike, gauntlet_entry_generic, nicolae_orc_stony_grotto,
          elves_outpost_lemuel
Elf:1:    eino_elf_arrival_the_gate,
          ploomutoo_gammafunk_ghost_potion_laboratory, orc_legates,
          hangedman_elf_simple_split, serial_sigils_hangedman_quiver,
          solitary_fountain, minmay_elf_necromancy
Elf:3:    minmay_elf_hall_not_hex, serial_shops, shop,
          kennysheep_underground_church
Vaults:1: v_misc_4, hangedman_vaults_maws,
          vaults_standard_mumra_enter_the_diamond,
          nicolae_vaults_big_angled_halls, v_misc_28,
          nicolae_vaults_mini_display_case, vaults_room_glass_cross,
          ontoclasm_vaults_spin, basic_altar, serial_shops, nicolae_shop_stone
Vaults:2: v_misc_11, nicolae_vaults_little_squares_4, v_misc_26,
          nicolae_vaults_ring_of_whatevers, v_misc_5, v_rooms_3
Vaults:3: v_misc_23, v_rooms_5, v_misc_15, blue_anna_dwarven_crypt,
          vaults_room_hallway, vaults_standard_mumra_x,
          nicolae_vaults_rhombus_7, hangedman_vaults_impose,
          nicolae_vaults_network_quincunx, nicolae_vaults_yaktaur_gun_rack,
          ontoclasm_vaults_fault, v_misc_3, serial_shops, shop
Vaults:4: nicolae_vaults_branching_niches, ontoclasm_vaults_hangar,
          vaults_room_grid, nicolae_vaults_network_star, v_rooms_4,
          vaults_mumra_lcd, grunt_vaults_twisty, nicolae_vaults_triangles,
          v_misc_26, v_misc_29, vaults_dpeg_cross, vaults_room_pools,
          serial_shops, nicolae_shop_statue_plus, uniq_saint_roka
Crypt:2:  gammafunk_sealed_arena, eino_tiny_chamber
Crypt:3:  cryptofortress_bobbens
Depths:1: abyss_entry, chequers_hall_statues_wall_a, pf_coc_iceberg,
          kennysheep_minor_cross, drop_trap, st_stairs_3, serial_bayou_pond_a,
          hangedman_decor_lopped, sword_in_stone
Depths:2: cell_vault, enter_ziggurat_c, kennysheep_donut,
          grunt_hell_entry_dis_mu, kennysheep_dice, uniq_sojobo, uniq_nikola
Depths:3: evilmike_cross, hell_entry, cheibriados_altar_1, pan_entry,
          infiniplex_staircase_spiral, serial_bayou_shore_b,
          serial_bayou_shore_b
Depths:4: wad_courtyard, nicolae_two_hexagons, minmay_room_of_horrors,
          pan_entry, hell_entry
Depths:5: grunt_zot_entry_alcove, serial_bayou_lagoon_a, lightli_too_deep,
          minmay_checkered_concentric_circles, minmay_shop_grove
Dis:2:    hangedman_dis_decor_tower
Dis:3:    hangedman_player_shredder
Dis:7:    dis_grunt_layers
Geh:1:    lemuel_hellish_altar
Geh:3:    lemuel_flamethrower_2, grunt_megastairs_4
Geh:7:    geh_old
Coc:7:    coc_dpeg
Tar:5:    lemuel_nasty_pond
Tar:6:    nicolae_tar_cuneiform_two
Tar:7:    tar_minmay_river
Zot:2:    hangedman_snake_sidewinding
Zot:4:    basic_altar
Zig:7:    ziggurat_pillar_centre_c
Zig:15:   ziggurat_pillar_centre_dead_trees
Zig:20:   ziggurat_pillar_centre_more_plants
Zig:22:   ziggurat_pillar_centre_dispersal
Zig:26:   ziggurat_pillar_centre_oklobs
IceCv:    ice_cave_small_necro
Gauntlet: gammafunk_gauntlet_shortcut

Skill      XL: |  1  2  3  4  5  6  7  8  9 10 11 12 13 14 15 16 17 18 19 20 21 22 23 24 25 26 27 |
---------------+----------------------------------------------------------------------------------+-----
Unarmed Combat | 4 5 6 7 9 11 13 14 16 17 18 19 20 21 22 23 24 25 26 27 | 27.0
Armour         | 1 2 3 4 5 6 7 8 9 11 13 14 15 16 20 | 20.4
Dodging        | 3 4 5 6 7 8 9 10 11 12 14 16 21 | 21.9
Invocations    | 1 2 3 4 5 6 7 8 9 10 11 12 13 14 27 | 27.0
Fighting       | 3 4 5 6 7 8 9 10 11 12 13 16 26 | 26.6
Shields        | 6 9 10 12 13 14 15 22 | 22.5
Translocations | 10 | 10.2
Spellcasting   | 11 | 11.2
Charms         | 10 | 10.2
Summonings     | 5 |  5.0
Long Blades    | |  0.7
Stealth        | |  1.0
Evocations     | |  0.1

Action                   |  1- 3 |  4- 6 |  7- 9 | 10-12 | 13-15 | 16-18 | 19-21 | 22-24 | 25-27 || total
-------------------------+-------+-------+-------+-------+-------+-------+-------+-------+-------++-------
Melee: Unarmed           |    70 |   113 |   275 |   577 |  1056 |  1443 |  1600 |  1671 |  8158 || 14963
       Punch             |     1 |     6 |    12 |    52 |    16 |       |       |       |       ||    87
       Kick              |       |       |       |   135 |   359 |     5 |       |       |       ||   499
       Scimitar          |       |       |       |       |    21 |    47 |       |       |       ||    68
       Peck              |       |       |       |       |       |       |   104 |   594 |   187 ||   885
       Headbutt          |       |       |       |       |       |       |       |       |  2141 ||  2141
Throw: Throwing net      |       |       |       |       |       |       |       |       |     1 ||     1
 Cast: Song of Slaying   |       |       |       |       |       |       |       |       |    37 ||    37
       Blink             |       |       |       |       |       |       |       |       |     5 ||     5
Invok: Upheaval          |       |       |       |     2 |       |     1 |       |       |       ||     3
       Disaster Area     |       |       |       |       |     1 |     3 |     6 |     2 |     6 ||    18
       Elemental Force   |       |       |       |       |     1 |     3 |     6 |     1 |     1 ||    12
       Cleansing Flame   |       |       |       |       |       |       |       |       |   220 ||   220
       Divine Shield     |       |       |       |       |       |       |       |       |    37 ||    37
       Summon Divine War |       |       |       |       |       |       |       |       |    27 ||    27
Evoke: Wand              |       |       |       |    13 |     5 |     3 |     1 |       |     7 ||    29
  Use: Scroll            |       |     5 |     2 |    12 |     8 |     5 |    12 |     7 |   109 ||   160
       Potion            |       |     3 |       |     8 |     2 |     3 |     4 |    11 |    78 ||   109
 Stab: Sleeping          |     2 |     3 |       |       |       |       |       |       |       ||     5
       Paralysed         |       |       |       |     4 |       |       |       |       |       ||     4
       Invisible         |       |       |       |     1 |       |       |       |       |       ||     1
       Confused          |       |       |       |       |       |     1 |       |       |       ||     1
       Distracted        |       |       |       |       |       |     1 |     1 |     2 |       ||     4
  Eat: Chunk             |     7 |    16 |    25 |    45 |    69 |    73 |    53 |    53 |    91 ||   432
       Ration            |       |       |     3 |     2 |     3 |     8 |     8 |     4 |    87 ||   115
Armor: Robe              |    41 |    32 |    80 |    20 |       |       |       |       |       ||   173
       Troll leather arm |       |       |       |    92 |   152 |       |       |       |       ||   244
       Pearl dragon scal |       |       |       |       |    65 |   442 |   124 |       |       ||   631
       Gold dragon scale |       |       |       |       |       |       |   157 |   324 |  2891 ||  3372
Dodge: Dodged            |    35 |    44 |   133 |   267 |   393 |   621 |   359 |   265 |  2686 ||  4803
       Deflected         |       |       |       |     3 |     9 |    11 |    28 |    20 |    20 ||    91
Block: Other             |       |       |    15 |   114 |    27 |       |       |       |       ||   156
       Large shield      |       |       |       |       |  1164 |  2097 |  1660 |  1631 |  9881 || 16433
       Rpst.: Scimitar   |       |       |       |       |       |     3 |       |       |       ||     3

Table legend:
 A = Non-vault XP
 B = Vault XP
 C = Vault XP percentage of total XP
 D = Non-vault monster count
 E = Vault monster count
 F = Vault count percentage of total count
                 A         B        C        D         E       F
            +---------+---------+-------+---------+---------+-------
      Total | 2785443 | 1562019 |  35.9 |    3934 |    1408 |  26.4
            +---------+---------+-------+---------+---------+-------
        D:1 |      29 |       0 |   0.0 |      18 |       0 |   0.0
        D:2 |      57 |      37 |  39.4 |      21 |       1 |   4.5
        D:3 |      87 |       0 |   0.0 |      15 |       0 |   0.0
        D:4 |     533 |       7 |   1.3 |      23 |       1 |   4.2
        D:5 |     574 |     272 |  32.2 |      20 |       1 |   4.8
        D:6 |     781 |     196 |  20.1 |      28 |       1 |   3.4
        D:7 |    1078 |    1565 |  59.2 |      26 |       6 |  18.8
        D:8 |    1088 |    1232 |  53.1 |      21 |       3 |  12.5
        D:9 |    2118 |    2684 |  55.9 |      29 |      18 |  38.3
       D:10 |    3867 |     815 |  17.4 |      27 |       1 |   3.6
       D:11 |    3559 |    1929 |  35.1 |      23 |      10 |  30.3
       D:12 |    5551 |    2177 |  28.2 |      35 |       1 |   2.8
       D:13 |   10093 |       0 |   0.0 |      52 |       0 |   0.0
       D:14 |    9894 |    2804 |  22.1 |      31 |       3 |   8.8
       D:15 |    4166 |    7196 |  63.3 |      13 |      17 |  56.7
     Lair:1 |    4142 |       0 |   0.0 |      14 |       0 |   0.0
     Lair:2 |    5459 |    2128 |  28.0 |      23 |      11 |  32.4
     Lair:3 |    7106 |    2561 |  26.5 |      36 |       7 |  16.3
     Lair:4 |    5307 |       0 |   0.0 |      23 |       0 |   0.0
     Lair:5 |   10847 |    1042 |   8.8 |      32 |       4 |  11.1
     Lair:6 |    7023 |   10278 |  59.4 |      25 |      56 |  69.1
    Swamp:1 |   10860 |    1396 |  11.4 |      29 |       4 |  12.1
    Swamp:2 |   19823 |       0 |   0.0 |      50 |       0 |   0.0
    Swamp:3 |   11319 |    3274 |  22.4 |      30 |       3 |   9.1
    Swamp:4 |    9588 |   17710 |  64.9 |      30 |      26 |  46.4
   Spider:1 |   15315 |       0 |   0.0 |      40 |       0 |   0.0
   Spider:2 |   13641 |    1889 |  12.2 |      34 |       1 |   2.9
   Spider:3 |   10183 |     210 |   2.0 |      28 |       1 |   3.4
   Spider:4 |   15940 |   24669 |  60.7 |      48 |      41 |  46.1
    Slime:1 |    9387 |       0 |   0.0 |      20 |       0 |   0.0
    Slime:2 |    5648 |       0 |   0.0 |      16 |       0 |   0.0
    Slime:3 |   10391 |       0 |   0.0 |      16 |       0 |   0.0
    Slime:4 |    1299 |       0 |   0.0 |       5 |       0 |   0.0
    Slime:5 |   12886 |   28934 |  69.2 |      36 |      11 |  23.4
      Orc:1 |    2513 |    6833 |  73.1 |      21 |      11 |  34.4
      Orc:2 |    2068 |   13352 |  86.6 |      20 |      35 |  63.6
      Elf:1 |   12336 |   43105 |  77.7 |      21 |      67 |  76.1
      Elf:2 |   22818 |   23847 |  51.1 |      37 |      29 |  43.9
      Elf:3 |   23374 |   37971 |  61.9 |      46 |      32 |  41.0
   Vaults:1 |   38615 |   13299 |  25.6 |      63 |      21 |  25.0
   Vaults:2 |   38104 |   10280 |  21.2 |      65 |      16 |  19.8
   Vaults:3 |   38537 |   10816 |  21.9 |      52 |      18 |  25.7
   Vaults:4 |   69848 |   44652 |  39.0 |      96 |      68 |  41.5
   Vaults:5 |   35104 |  136667 |  79.6 |      51 |      89 |  63.6
    Crypt:1 |   22662 |       0 |   0.0 |      40 |       0 |   0.0
    Crypt:2 |   36969 |   12650 |  25.5 |      43 |       9 |  17.3
    Crypt:3 |       0 |   67045 | 100.0 |       0 |      83 | 100.0
     Tomb:1 |    8207 |  134410 |  94.2 |      22 |      50 |  69.4
     Tomb:2 |   14206 |   58968 |  80.6 |      29 |      51 |  63.8
     Tomb:3 |    6761 |  118202 |  94.6 |      25 |      87 |  77.7
   Depths:1 |   29741 |   16908 |  36.2 |      53 |       8 |  13.1
   Depths:2 |    8581 |   42463 |  83.2 |      13 |      24 |  64.9
   Depths:3 |   36155 |   20303 |  36.0 |      38 |      12 |  24.0
   Depths:4 |   62612 |   27091 |  30.2 |      54 |      31 |  36.5
   Depths:5 |   28590 |   42792 |  59.9 |      30 |      24 |  44.4
       Hell |   22811 |   33284 |  59.3 |      40 |      56 |  58.3
      Dis:1 |   48131 |       0 |   0.0 |     104 |       0 |   0.0
      Dis:2 |   21494 |       0 |   0.0 |      35 |       0 |   0.0
      Dis:3 |    4516 |       0 |   0.0 |       9 |       0 |   0.0
      Dis:6 |     933 |       0 |   0.0 |       4 |       0 |   0.0
      Dis:7 |   40544 |  122512 |  75.1 |      57 |      82 |  59.0
      Geh:1 |    5713 |       0 |   0.0 |      15 |       0 |   0.0
      Geh:2 |   29729 |       0 |   0.0 |      59 |       0 |   0.0
      Geh:3 |   10548 |       0 |   0.0 |      36 |       0 |   0.0
      Geh:4 |   40212 |       0 |   0.0 |      73 |       0 |   0.0
      Geh:5 |     626 |       0 |   0.0 |       3 |       0 |   0.0
      Geh:6 |    1181 |       0 |   0.0 |       6 |       0 |   0.0
      Geh:7 |   20483 |   62297 |  75.3 |      44 |      41 |  48.2
      Coc:1 |   52012 |       0 |   0.0 |      81 |       0 |   0.0
      Coc:2 |   43740 |       0 |   0.0 |      59 |       0 |   0.0
      Coc:3 |   22323 |       0 |   0.0 |      40 |       0 |   0.0
      Coc:4 |    8609 |       0 |   0.0 |      27 |       0 |   0.0
      Coc:5 |   28997 |       0 |   0.0 |      21 |       0 |   0.0
      Coc:6 |   27730 |       0 |   0.0 |      52 |       0 |   0.0
      Coc:7 |   68633 |   71030 |  50.9 |      81 |      31 |  27.7
      Tar:1 |    9197 |       0 |   0.0 |      14 |       0 |   0.0
      Tar:2 |   12874 |       0 |   0.0 |      17 |       0 |   0.0
      Tar:3 |   50430 |       0 |   0.0 |      47 |       0 |   0.0
      Tar:4 |    8506 |       0 |   0.0 |      11 |       0 |   0.0
      Tar:5 |   46641 |   14374 |  23.6 |      75 |      22 |  22.7
      Tar:6 |   23499 |       0 |   0.0 |      32 |       0 |   0.0
      Tar:7 |   97006 |   86250 |  47.1 |      96 |      62 |  39.2
      Zot:1 |   30920 |       0 |   0.0 |      21 |       0 |   0.0
      Zot:2 |   58643 |   32058 |  35.3 |      38 |      21 |  35.6
      Zot:3 |   81870 |       0 |   0.0 |      47 |       0 |   0.0
      Zot:4 |   74340 |       0 |   0.0 |      41 |       0 |   0.0
      Zot:5 |   23707 |  131850 |  84.8 |      14 |      33 |  70.2
    Abyss:2 |   17651 |       0 |   0.0 |      29 |       0 |   0.0
      Zig:1 |     567 |       0 |   0.0 |       2 |       0 |   0.0
      Zig:2 |     828 |       0 |   0.0 |       6 |       0 |   0.0
      Zig:3 |   11258 |       0 |   0.0 |       3 |       0 |   0.0
      Zig:4 |    5956 |       0 |   0.0 |       4 |       0 |   0.0
      Zig:5 |    6050 |       0 |   0.0 |       7 |       0 |   0.0
      Zig:6 |    5217 |       0 |   0.0 |       9 |       0 |   0.0
      Zig:7 |   11266 |       0 |   0.0 |      15 |       0 |   0.0
      Zig:8 |   10116 |     655 |   6.1 |      12 |       1 |   7.7
      Zig:9 |   14009 |       0 |   0.0 |      11 |       0 |   0.0
     Zig:10 |   18327 |       0 |   0.0 |      13 |       0 |   0.0
     Zig:11 |   24955 |       0 |   0.0 |      16 |       0 |   0.0
     Zig:12 |   17354 |       0 |   0.0 |      25 |       0 |   0.0
     Zig:13 |   26537 |       0 |   0.0 |      18 |       0 |   0.0
     Zig:14 |   19170 |       0 |   0.0 |      27 |       0 |   0.0
     Zig:15 |   24385 |       0 |   0.0 |      27 |       0 |   0.0
     Zig:16 |   45097 |       0 |   0.0 |      29 |       0 |   0.0
     Zig:17 |   22306 |       0 |   0.0 |      38 |       0 |   0.0
     Zig:18 |   45003 |       0 |   0.0 |      48 |       0 |   0.0
     Zig:19 |   96113 |       0 |   0.0 |      33 |       0 |   0.0
     Zig:20 |   35384 |       0 |   0.0 |      58 |       0 |   0.0
     Zig:21 |   78057 |       0 |   0.0 |      61 |       0 |   0.0
     Zig:22 |   31400 |       0 |   0.0 |      62 |       0 |   0.0
     Zig:23 |   63455 |       0 |   0.0 |      60 |       0 |   0.0
     Zig:24 |  122396 |       0 |   0.0 |      44 |       0 |   0.0
     Zig:25 |   64984 |       0 |   0.0 |     115 |       0 |   0.0
     Zig:26 |   60337 |       0 |   0.0 |      58 |       0 |   0.0
     Zig:27 |  123227 |       0 |   0.0 |      69 |       0 |   0.0
      IceCv |       0 |    6717 | 100.0 |       0 |      54 | 100.0
   Gauntlet |       0 |    4333 | 100.0 |       0 |      12 | 100.0
            +---------+---------+-------+---------+---------+-------
